 Dungeon Crawl Stone Soup version 0.22-a0-254-gaf95ca0 (webtiles) character file.

814360 mhoghedin the Crack Shot (level 27, -6/202 HPs)
             Began as a Gnoll Wanderer on Mar 2, 2018.
             Was the Champion of Cheibriados.
             Killed by divine providence
             ... invoked by a smoke demon
              (15 damage)
             ... in Pandemonium on Mar 4, 2018.
             The game lasted 04:21:04 (62030 turns).

mhoghedin the Crack Shot (Gnoll Wanderer)          Turns: 62030, Time: 04:21:04

Health: -6/202     AC: 38    Str: 42    XL:     27
Magic:  0/54       EV: 33    Int: 36    God:    Cheibriados [******]
Gold:   6319       SH: 19    Dex: 31    Spells: 2/62 levels left

rFire    + . .     SeeInvis .   Z - +3 sacred scourge (holy)
rCold    + . .     Gourm    .   I - +0 shield {rC+}
rNeg     + . .     Faith    .   (armour currently unavailable)
rPois    ∞         Spirit   +   (helmet restricted)
rElec    +         Reflect  .   K - +1 cloak {MR+}
rCorr    .         Harm     .   (gloves currently unavailable)
MR       +++++                  (boots currently unavailable)
Stlth    ++++++++..             C - amulet of guardian spirit {Spirit}
HPRegen  0.83/turn              H - ring of the Evil One {rPois rF+ MP+9 Str+4}
MPRegen  0.34/turn              Q - ring of the Mage {Wiz MR++ Int+3}

@: statue-form, studying Bows, deflect missiles, very slow
A: distributed training, fangs 1, horns 1, blurry vision 2, deformed body, frail
3, regeneration 1, no potion heal 2, MP-powered wands, strong nose
}: 10/15 runes: serpentine, barnacled, slimy, silver, abyssal, demonic, glowing,
magical, fiery, dark
a: End Transformation, Bend Time, Temporal Distortion, Slouch, Step From Time,
Renounce Religion


You were in Pandemonium.
You worshipped Cheibriados.
Cheibriados was exalted by your worship.
You were not hungry.
You were a stone statue.
You visited 10 branches of the dungeon, and saw 49 of its levels.
You visited Pandemonium 2 times, and saw 17 of its levels.
You visited the Abyss 2 times.
You visited 2 bazaars.

You collected 10492 gold pieces.
You spent 4173 gold pieces at shops.

Inventory:

Hand Weapons
 a - the +3 trident of Bosymah {pain, rC+ rN+ Dex+3}
   (You took it off an orc wizard on level 5 of the Dungeon)

   In the hands of one skilled in necromantic magic, it inflicts extra damage on
   living creatures.
   It affects your dexterity (+3).
   It protects you from cold.
   It protects you from negative energy.
 U - the +9 morningstar "Xingiafu" {crush, rF+++ MR+ Int+4}
   (You found it on level 5 of the Pits of Slime)

   It inflicts extra damage upon your enemies.
   It affects your intelligence (+4).
   It renders you almost immune to fire.
   It affects your resistance to hostile enchantments.
 Z - a +3 sacred scourge of holy wrath (weapon)
   (You took it off an angel in Pandemonium)
Missiles
 c - 10 javelins of returning
 y - 12 throwing nets {=f, !d}
 A - 20 silver javelins (quivered)
Armour
 e - a +1 pair of gloves (melded)
   (You found it on level 5 of the Vaults)
 s - a +1 helmet of see invisible
   (You found it on level 5 of the Vaults)
 F - the +8 orange crystal plate armour (melded) {Archmagi, Int+3 Clar}
   (You found it on level 5 of the Pits of Slime)

   It affects your intelligence (+3).
   It protects you against confusion.
 G - the cursed +0 pair of boots of New Discoveries (melded) {rElec Int+5 Dex+3 Slay+4}
   (You found it on level 5 of the Vaults)

   It affects your intelligence (+5).
   It affects your dexterity (+3).
   It affects your accuracy and damage with ranged weapons and melee attacks
   (+4).
   It insulates you from electricity.
   It has a curse placed upon it.
 I - a +0 shield of cold resistance (worn)
   (You found it in Pandemonium)
 K - a +1 cloak of magic resistance (worn)
   (You found it in Pandemonium)
Jewellery
 C - an amulet of guardian spirit (around neck) {Spirit}
   (You found it on level 2 of the Snake Pit)
 H - the ring of the Evil One (left hand) {rPois rF+ MP+9 Str+4}
   (You acquired it on level 1 of the Elven Halls)

   [ring of protection from fire]

   It affects your strength (+4).
   It protects you from fire.
   It protects you from poison.
   It affects your magic capacity (+9).
 Q - the ring of the Mage (right hand) {Wiz MR++ Int+3}
   (You took it off a yaktaur on level 2 of the Depths)

   [ring of wizardry]

   It improves your spell success rate.
   It affects your intelligence (+3).
   It affects your resistance to hostile enchantments.
 V - an uncursed ring of resist corrosion
   (You found it on level 12 of the Dungeon)
 Y - the amulet of Ataixt {Reflect rF+ rC+ SH+4}
   (You took it off a balrug in Pandemonium)

   [amulet of reflection]

   It shields you and reflects attacks.
   It protects you from fire.
   It protects you from cold.
   It affects your SH (+4).
Wands
 i - a wand of paralysis (15)
   (You found it in Pandemonium)
 o - a wand of acid (1)
   (You found it on level 3 of the Abyss)
 q - a wand of flame (17)
   (You found it on level 3 of the Abyss)
 B - a wand of digging (68)
   (You found it on level 8 of the Dungeon)
 L - a wand of clouds (8)
   (You took it off a monstrous demonspawn in Pandemonium)
Scrolls
 f - 9 scrolls of teleportation
 g - 3 scrolls of fog
 k - 7 scrolls of amnesia
 r - 8 scrolls of fear
 v - 23 scrolls of remove curse
 z - a scroll of immolation {!r}
 M - 2 scrolls of holy word {!r}
 N - 7 scrolls of blinking {!r}
 S - 3 scrolls of silence
 X - a scroll of magic mapping {!r}
Potions
 b - a potion of invisibility
 l - a potion of agility
 p - 3 potions of might
 t - 3 potions of heal wounds
 x - 16 potions of curing
 D - 10 potions of flight
 J - 4 potions of brilliance
 O - a potion of magic
 R - a potion of resistance
 T - a potion of mutation {!q}
Books
 W - a manual of Bows {!d}
   (You found it on level 3 of the Elven Halls)
Miscellaneous
 h - 5 boxes of beasts
 j - a lamp of fire
   (You found it on level 2 of the Depths)
 m - a fan of gales
   (You found it on level 5 of the Vaults)
 u - a phial of floods
   (You found it on level 2 of the Abyss)
 w - 2 phantom mirrors
 E - a lightning rod (4/4)
   (You found it on level 1 of the Elven Halls)
 P - a sack of spiders
Comestibles
 d - 56 rations


   Skills:
 + Level 20.0 Fighting
 + Level 18.1 Short Blades
 + Level 18.5 Long Blades
 + Level 18.1 Axes
 + Level 18.1 Maces & Flails
 + Level 18.1 Polearms
 + Level 18.1 Staves
 + Level 18.1 Slings
 + Level 21.5 Bows
 + Level 18.1 Crossbows
 + Level 18.1 Throwing
 + Level 18.1 Armour
 + Level 18.3 Dodging
 + Level 18.3 Stealth
 + Level 18.3 Shields
 + Level 18.1 Unarmed Combat
 + Level 18.1 Spellcasting
 + Level 15.6 Conjurations
 + Level 15.6 Hexes
 + Level 15.6 Charms
 + Level 15.6 Summonings
 + Level 15.6 Necromancy
 + Level 15.6 Translocations
 + Level 15.6 Transmutations
 + Level 15.6 Fire Magic
 + Level 15.6 Ice Magic
 + Level 15.6 Air Magic
 + Level 15.6 Earth Magic
 + Level 15.6 Poison Magic
 + Level 19.5 Invocations
 + Level 18.1 Evocations


You had 2 spell levels left.
You knew the following spells:

 Your Spells              Type           Power        Failure   Level  Hunger
a - Borgnjor's Vile Clut  Necr/Erth      #######...   1%          5    None
b - Statue Form           Tmut/Erth      #######..    1%          6    None
c - Blink                 Tloc           N/A          0%          2    None
d - Freezing Cloud        Conj/Ice/Air   #######...   1%          6    None
e - Ignition              Fire           #######...   4%          8    ####...
f - Silence               Hex/Air        #######...   1%          5    None
g - Apportation           Tloc           ######       0%          1    None
h - Deflect Missiles      Chrm/Air       #######...   1%          6    None
i - Passage of Golubria   Tloc           N/A          0%          4    None
j - Portal Projectile     Hex/Tloc       ######       0%          3    None
q - Aura of Abjuration    Summ           #######...   1%          5    None
r - Regeneration          Chrm/Necr      #######...   0%          3    None
s - Shroud of Golubria    Chrm/Tloc      #######...   0%          2    None
x - Vampiric Draining     Necr           #######...   0%          3    None
B - Summon Butterflies    Summ           #######.     0%          1    None


Dungeon Overview and Level Annotations

Branches:
Dungeon (15/15)            Temple (1/1) D:5            Lair (6/6) D:10
 Shoals (4/4) Lair:2        Snake (4/4) Lair:3        Slime (5/5) Lair:6
    Orc (2/2) D:11            Elf (3/3) Orc:2        Vaults (5/5) D:14
  Crypt (0/3) Vaults:3     Depths (4/5) D:15

Altars:
Ashenzari
Cheibriados
Dithmenos
Elyvilon
Fedhas
Gozag
Hepliaklqana
Kikubaaqudgha
Makhleb
Nemelex Xobeh
Okawaru
Qazlal
Ru
Sif Muna
Trog
Uskayaw
Vehumet
Wu Jian
Xom
Yredelemnul
Zin
The Shining One
Beogh
Jiyva

Shops:
D:4 (   D:5 [   Orc:2 :*(*   Elf:1 ?[=*   Shoals:2 *   Shoals:3 *   Snake:2 %
Depths:1 :*[   Depths:3 [(*

Portals:
Hell: Depths:1 Depths:2 Depths:3 Depths:4
Abyss: Depths:2 Depths:3 Depths:4
Pandemonium: Depths:1 Depths:3 Depths:4
Ziggurat: Depths:3
Trove: D:13 (show abyssal rune of Zot)

Annotations:
Shoals:3 Mara
Depths:4 exclusion: obsidian statue


Innate Abilities, Weirdness & Mutations

Your experience applies equally to all skills.
You have very sharp teeth.
Your uncanny sense of smell can sniff out nearby items.
You have a pair of small horns on your head.
((You are partially covered in icy blue scales. (AC +2)))
((You are partially covered in slimy green scales. (AC +2)))
Scrolls take you longer to read.
Armour fits poorly on your strangely shaped body.
You are extremely frail. (-30% HP)
Your natural rate of healing is unusually fast.
Potions are poor at restoring your health.
You expend magic power (3 MP) to strengthen your wands.


Message History

You now have 0/54 mp.
Really read with blurry vision while enemies are nearby?
Okay, then.
Unknown command.
Unknown command.
You thrash the smoke demon!!
The smoke demon convulses.
You kill the smoke demon!
Cheibriados appreciates the change of pace.
You hear a roar!
The monstrous demonspawn closely misses you.
You block the monstrous demonspawn's attack. x2
The smoke demon hits you but does no damage.
The smoke demon misses you. The smoke demon completely misses you.
The smoke demon gestures at you. The sticky flame misses you.
A smoke demon comes into view.
The smoke demon roars!
You hit something.
You hear a roar! x2
Something hits you!
You hear a grinding noise.
The Executioner gestures.
The Executioner seems to speed up.
You hear a roar!
You take 11 damage, and have 63/202 hp.
You miss something. Your headbutt misses something.
The monstrous demonspawn hits you but does no damage.
You block the monstrous demonspawn's attack.
The monstrous demonspawn completely misses you.
You block the smoke demon's attack. x2; The smoke demon completely misses you.
The smoke demon closely misses you. x2; The smoke demon misses you.
Something hits you!
* * * LOW HITPOINT WARNING * * *
You feel your power leaking away.
You take 11 damage, and have 52/202 hp.
You thrash something!!
Cheibriados thoroughly appreciates the change of pace.
Reactivating autopickup.
You feel a bit more experienced. The smoke demon hits you.
* * * LOW HITPOINT WARNING * * *
The smoke demon closely misses you. You block the smoke demon's attack.
The smoke demon gestures at you. Something smites you!
* * * LOW HITPOINT WARNING * * *
A smoke demon comes into view.
You take 16 damage, and have 36/202 hp.
Unknown command.
Okay, then.
Unknown command.
Unknown command.
Unknown command.
Okay, then.
Unknown command.
Really read
M - 2 scrolls of holy word {!r}?
Really read with blurry vision while enemies are nearby?
You block the Executioner's attack. The Executioner completely misses you.
The Executioner misses you. x2; You block the Executioner's attack.
The Executioner hits you.
* * * LOW HITPOINT WARNING * * *
The Executioner completely misses you. You block the Executioner's attack.
The Executioner completely misses you. The smoke demon gestures at you.
The ball of steam hits the smoke demon.
The smoke demon resists.
The ball of steam misses you. The Executioner barely misses you.
The Executioner hits you but does no damage.
The Executioner completely misses you. The smoke demon gestures at you.
Something smites you!
* * * LOW HITPOINT WARNING * * *
You block the smoke demon's attack. The smoke demon hits you.
* * * LOW HITPOINT WARNING * * *
You block the smoke demon's attack. The smoke demon completely misses you.
The smoke demon misses you. You block the smoke demon's attack.
The smoke demon gestures at you. Something smites you!
* * * LOW HITPOINT WARNING * * *
The Executioner hits you.
* * * LOW HITPOINT WARNING * * *
The Executioner completely misses you.
The Executioner hits you but does no damage.
The smoke demon gestures at you.
The ball of steam hits the smoke demon.
The smoke demon resists.
The ball of steam misses you. The smoke demon gestures at you.
The ball of steam misses you.
The ball of steam hits the smoke demon.
The smoke demon resists.
You begin reading the scroll.
You continue reading the scroll.
The Executioner barely misses you. The Executioner completely misses you.
You block the Executioner's attack. The Executioner misses you.
You block the Executioner's attack.
The Executioner hits you but does no damage.
The Executioner completely misses you. x3
The smoke demon completely misses you. The smoke demon misses you.
The smoke demon completely misses you. The smoke demon closely misses you.
The smoke demon completely misses you.
The smoke demon hits you but does no damage.
You block the smoke demon's attack. The smoke demon misses you. x2
The smoke demon gestures at you. Something smites you!
You die...

...#.#.
..#.#.#
.?.#3# ..#.#
##..3#.#
#.3.#.#
##3163#
+§833#
#.33..#
#..§..#.#
#.........
..§.§......
#########...
... ..


You could see a monstrous demonspawn, an Executioner and 9 smoke demons.

Vanquished Creatures
  Cerebov (Pan)
  the Royal Jelly (Slime:5)
  Gloorx Vloq (Pan)
  Mnoleg (Pan)
  A seraph (Pan)
  3 pandemonium lords (Pan)
  Boris (Depths:4)
  Bai Suzhen (Elf:3)
  Nikola (Snake:1)
  2 golden dragons
  4 bone dragons
  A profane servitor (Abyss:3)
  An iron giant (shapeshifter) (Depths:4)
  4 Tzitzimimeh (Pan)
  2 Brimstone Fiends (Pan)
  Jorgrun (Elf:3)
  7 tentacled monstrosities
  Asterion (Snake:1)
  2 Ice Fiends (Pan)
  3 deep elf blademasters
  2 liches
  3 titans
  A deep elf master archer (Elf:3)
  Polyphemus (Shoals:3)
  10 acid blobs
  12 Executioners (Pan)
  A sphinx (Vaults:3)
  7 tentacled starspawn
  Kirke (D:14)
  A warmonger (Pan)
  3 shadow dragons (Vaults:4)
  Ilsuiw (Shoals:4)
  2 storm dragons
  4 tengu reavers
  7 fire giants
  7 nagarajas
  3 daevas (Pan)
  9 azure jellies
  A fire giant (shapeshifter) (Depths:4)
  3 deep elf sorcerers
  3 ghost moths
  21 balrugs (Pan)
  12 vault wardens
  5 corrupters (Pan)
  Aizul (Snake:1)
  4 frost giants
  Louise (Snake:3)
  2 curse skulls (Pan)
  12 cacodemons (Pan)
  A draconian annihilator (Pan)
  10 angels
  3 war gargoyles (Depths:4)
  4 deep elf elementalists
  9 ironheart preservers
  5 reapers (Pan)
  2 spriggan defenders
  12 stone giants
  2 blood saints (Pan)
  A stone giant (shapeshifter) (Depths:4)
  8 ophanim (Pan)
  A vampire knight (Depths:2)
  3 entropy weavers
  27 very ugly things
  6 apis (Pan)
  8 black suns (Pan)
  A black draconian (Abyss:3)
  9 deep elf annihilators
  2 deep elf demonologists (Elf:3)
  A yellow draconian (Abyss:3)
  11 lorocyprocas (Pan)
  A spark wasp (shapeshifter) (Depths:4)
  A spark wasp (Depths:2)
  6 green deaths
  3 merfolk javelineers (Shoals:4)
  11 ettins
  14 crystal guardians
  5 blizzard demons
  4 death oozes (Slime:5)
  3 deep elf death magi
  An eidolon (Vaults:3)
  A jiangshi (Vaults:3)
  2 merfolk impalers
  11 yaktaur captains
  5 deep elf high priests
  7 fire dragons
  25 vault guards
  6 rakshasas
  7 ice dragons
  14 ogre magi
  11 great orbs of eyes
  8 hydras
  8 naga warriors
  8 centaur warriors
  A catoblepas (Shoals:2)
  4 monstrous demonspawn (Pan)
  3 merfolk avatars
  A quicksilver dragon skeleton (Pan)
  3 spriggan air magi
  A death knight (Vaults:4)
  3 deep troll earth magi
  8 anacondas
  45 two-headed ogres
  3 merfolk aquamancers (Shoals:4)
  A satyr (Shoals:4)
  9 death yaks
  A deep troll shaman (Depths:3)
  A tengu warrior (Depths:2)
  The ghost of KristoblXynda the Grappler, a novice DrMo of Hepliaklqana (D:10)
  4 naga sharpshooters
  The ghost of mhoghedin the Protected, a novice GnWn of Okawaru (D:9)
  An orc high priest (Orc:1)
  8 shock serpents
  A vampire mage (Depths:2)
  14 thrashing horrors
  44 dancing weapons
  5 spriggan berserkers
  A spriggan (Depths:3)
  A hell knight (Depths:2)
  26 sun demons
  12 deep elf knights
  Sonja (Lair:2)
  15 soul eaters (Pan)
  A storm dragon zombie (D:15)
  2 skeletal warriors (D:15)
  Nergalle (D:11)
  12 wretched stars
  5 unseen horrors
  2 salamander mystics (Snake:3)
  A swamp dragon (Lair:6)
  6 shadow wraiths
  4 spatial maelstroms
  10 sixfirhies
  12 glowing orange brains
  11 sea snakes
  2 naga ritualists
  5 deep trolls
  17 cherubim (Pan)
  6 shadow demons
  An unseen horror (shapeshifter) (Vaults:4)
  A glowing orange brain (shapeshifter) (Depths:4)
  5 infernal demonspawn (Pan)
  13 wizards
  4 gelid demonspawn (Pan)
  An orange crystal statue (Depths:1)
  3 flayed ghosts
  3 storm dragon skeletons
  3 lindwurms
  2 necromancers
  13 orc knights
  5 orc sorcerers
  4 deep elf archers
  13 harpies
  16 ironbrand convokers
  3 phantasmal warriors
  An obsidian statue (Depths:4)
  5 wolf spiders
  10 shining eyes
  A wolf spider (shapeshifter) (D:14)
  3 mana vipers
  A shadow dragon skeleton (Pan)
  38 ugly things
  4 fauns
  An oklob plant (Snake:3)
  50 deep elf magi
  A stone giant zombie (Vaults:3)
  12 manticores
  A salamander (shapeshifter) (Depths:1)
  2 cyclopes
  An iron dragon zombie (D:15)
  2 worldbinders (Abyss:2)
  2 human zombies (Vaults:3)
  A shining eye (shapeshifter) (Depths:4)
  A spriggan zombie (D:15)
  A stone giant skeleton (Vaults:3)
  A frost giant skeleton (Pan)
  An iron dragon skeleton (Abyss:3)
  3 rust devils
  12 elephants
  6 salamanders
  23 black mambas
  6 merfolk sirens
  5 guardian serpents
  A water nymph (Shoals:4)
  2 torpor snails
  2 apocalypse crabs (Abyss:2)
  3 molten gargoyles (Depths:4)
  6 eyes of devastation
  23 smoke demons
  A water nymph (shapeshifter) (Depths:4)
  20 naga magi
  8 vault sentinels
  The ghost of asdu the Ruffian, a novice DrTm of Cheibriados (D:6)
  4 hellions (Pan)
  13 spiny frogs
  A dire elephant skeleton (Pan)
  2 gargoyles
  26 orange demons
  4 spectral swamp worms (Depths:2)
  4 centaur skeletons
  A rime drake (shapeshifter) (Vaults:2)
  8 rime drakes
  A kobold demonologist (Abyss:2)
  7 demonic crawlers (Pan)
  38 yaktaurs
  3 komodo dragons (shapeshifter)
  10 freezing wraiths
  2 ice devils (Pan)
  A tormentor (Abyss:3)
  A human skeleton (Vaults:3)
  5 efreet
  13 hellwings
  6 komodo dragons
  8 ancient zymes
  9 wind drakes
  18 merfolk
  19 red devils (Pan)
  A tengu conjurer (Depths:2)
  2 polar bears
  2 queen bees (shapeshifter)
  3 trolls
  A hornet (Depths:3)
  Prince Ribbit (D:8)
  2 blink frogs (shapeshifter)
  2 harpy skeletons (Pan)
  11 hippogriffs
  A raiju (shapeshifter) (Depths:2)
  32 blink frogs
  A human simulacrum (Vaults:1)
  24 raiju
  An ice dragon zombie (D:15)
  74 slime creatures
  9 dream sheep
  8 air elementals
  A spriggan (shapeshifter) (Elf:1)
  12 ynoxinuls
  4 snapping turtles
  23 water elementals
  A shock serpent simulacrum (Abyss:3)
  A redback (shapeshifter) (Depths:4)
  A shadow (Abyss:3)
  A basilisk (shapeshifter) (Vaults:3)
  40 large abominations
  5 redbacks
  57 yaks
  4 wyverns
  5 basilisks
  A tarantella (shapeshifter) (Vaults:5)
  15 chaos spawn
  7 fire elementals
  16 neqoxecs
  13 golden eyes
  A wraith (Abyss:2)
  A hog (shapeshifter) (D:14)
  23 small abominations
  2 hogs (D:14)
  6 vampire mosquitoes
  3 hungry ghosts
  A swamp worm (shapeshifter) (Depths:4)
  5 wargs
  4 insubstantial wisps (Depths:4)
  57 nagas
  A hell hound (Abyss:3)
  A soldier ant (D:13)
  4 spatial vortices
  4 acid dragons
  A floating eye (Pan)
  13 water moccasins
  3 swamp drakes (Lair:6)
  A floating eye (shapeshifter) (Vaults:5)
  30 orc warriors
  9 porcupines
  A swamp drake (shapeshifter) (Abyss:3)
  51 ogres
  2 black bears
  9 eyes of draining
  6 sky beasts
  3 phantoms
  A centaur (shapeshifter) (Vaults:1)
  13 ice beasts
  A spiny frog skeleton (Pan)
  3 boggarts (Vaults:3)
  A necrophage (D:6)
  10 centaurs
  45 wolves
  14 crocodiles
  A big kobold (D:10)
  4 earth elementals (Depths:4)
  17 bullfrogs
  5 gnoll sergeants (D:10)
  A water moccasin zombie (D:12)
  A wyvern zombie (D:8)
  A wyvern skeleton (D:8)
  2 scorpions
  6 killer bees (D:9)
  3 electric eels (D:14)
  8 wights
  A howler monkey (D:6)
  12 crimson imps
  2 centaur zombies
  2 lava snakes (D:13)
  46 starcursed masses
  2 bullfrog zombies (D:12)
  22 hounds
  7 jellies
  3 gnoll shamans
  6 quasits
  13 orc priests
  4 bullfrog skeletons
  3 iron imps (Abyss:3)
  15 orc wizards
  3 iguanas
  6 lightning spires (Abyss:3)
  11 worker ants
  A statue (D:6)
  A hound zombie (D:11)
  2 hound skeletons
  A howler monkey zombie (D:5)
  4 worker ant zombies
  33 gnolls
  13 adders
  A shadow imp (D:7)
  2 white imps
  3 ufetubi
  An ooze (D:2)
  An adder zombie (D:8)
  2 dart slugs
  3 leopard geckos
  61 orcs
  A ball python (D:1)
  6 giant cockroaches
  7 goblins
  4 hobgoblins
  20 jackals
  6 quokkas
  12 bats
  6 frilled lizards
  15 kobolds
  8 rats
  A butterfly (D:6)
  5 fire vortices
  3 plants
  7 starspawn tentacles (Abyss:3)
2488 creatures vanquished.

Vanquished Creatures (collateral kills)
  Xtahua (Vaults:2)
  A Brimstone Fiend (Pan)
  2 liches (Depths:2)
  2 titans (Vaults:5)
  An Executioner (Pan)
  An eldritch tentacle (Pan)
  2 tengu reavers (Vaults:5)
  A kraken (Shoals:4)
  3 shadow dragons (Vaults:5)
  An iron dragon (Vaults:5)
  A fire giant (shapeshifter) (Depths:2)
  A fire giant (Vaults:5)
  3 frost giants
  A deep elf elementalist (Elf:3)
  3 vault wardens
  2 ironheart preservers
  A spriggan defender (Depths:2)
  3 stone giants
  6 very ugly things
  4 deep elf demonologists
  4 deep elf annihilators
  3 ettins
  2 deep elf death magi
  A merfolk javelineer (Shoals:4)
  2 crystal guardians (Depths:4)
  4 slime creatures
  A death ooze (Slime:5)
  A merfolk impaler (Shoals:4)
  3 yaktaur captains
  2 vault guards (Vaults:5)
  A great orb of eyes (Slime:5)
  A centaur warrior (Depths:3)
  A merfolk avatar (Shoals:2)
  A rakshasa (Depths:3)
  An ice dragon (Depths:2)
  A spriggan air mage (Depths:2)
  2 catoblepae
  A satyr (Shoals:3)
  2 merfolk aquamancers
  3 dancing weapons (Elf:2)
  2 death yaks (Shoals:3)
  4 ogre magi
  A satyr (shapeshifter) (Vaults:5)
  A vampire mage (Vaults:3)
  4 two-headed ogres
  A spriggan berserker (Depths:2)
  2 tengu warriors (Depths:2)
  5 deep elf knights
  A large abomination (Pan)
  A naga sharpshooter (Snake:1)
  9 sea snakes
  6 shadow wraiths
  5 deep trolls
  A flayed ghost (Vaults:3)
  A wizard (Vaults:1)
  3 orc knights
  4 phantasmal warriors
  A glowing orange brain (Vaults:4)
  3 harpies
  An obsidian statue (Depths:4)
  An orc sorcerer (Vaults:4)
  6 deep elf magi
  A shining eye (Pan)
  5 ugly things
  6 fauns
  A moth of wrath (shapeshifter) (Vaults:1)
  5 manticores
  A manticore (shapeshifter) (Vaults:1)
  A black mamba (Snake:1)
  A naga mage (Snake:1)
  6 merfolk sirens
  A guardian serpent (Depths:3)
  5 water nymphs
  An orange demon (Pan)
  A spiny frog (Lair:6)
  An eye of devastation (Slime:5)
  A spectral swamp worm (Depths:2)
  A komodo dragon (shapeshifter) (Vaults:5)
  12 yaktaurs
  A freezing wraith (Vaults:5)
  15 merfolk
  3 wind drakes
  5 snapping turtles
  A tarantella (shapeshifter) (Depths:4)
  A flying skull (Vaults:3)
  2 redbacks
  An alligator skeleton (Pan)
  A human (shapeshifter) (Vaults:1)
  5 water elementals
  2 neqoxecs (Pan)
  A warg (Vaults:4)
  5 orc warriors
  5 ogres
  An eye of draining (shapeshifter) (Vaults:4)
  A centaur (Shoals:3)
  3 earth elementals (Depths:4)
  2 orc priests
  An orc wizard (Vaults:1)
  4 orcs
  4 crawling corpses
  4 plants (Shoals:2)
  2 tentacles (Shoals:4)
260 creatures vanquished.

Vanquished Creatures (others)
  A golden dragon (Vaults:5)
  A deep elf master archer (Elf:3)
  A fire giant (Vaults:3)
  A deep elf elementalist (Vaults:5)
  An ironheart preserver (Vaults:5)
  2 stone giants (Vaults:3)
  A deep elf annihilator (Pan)
  2 merfolk javelineers (Shoals:4)
  A green death (Pan)
  2 blizzard demons (Pan)
  A deep elf high priest (Elf:1)
  A yaktaur captain (Vaults:5)
  3 rakshasas
  A two-headed ogre (Vaults:5)
  3 naga sharpshooters (Snake:4)
  A slime creature (Vaults:1)
  2 soul eaters (Pan)
  A shadow demon (Pan)
  A glowing orange brain (Pan)
  A wizard (Vaults:1)
  A deep elf archer (Elf:2)
  A phantasmal warrior (Vaults:5)
  A necromancer (Vaults:3)
  An orc knight (Vaults:1)
  2 salamanders
  A cyclops (D:14)
  A deep elf mage (Elf:1)
  A merfolk siren (Shoals:4)
  2 gargoyles (Depths:4)
  2 orange demons (Pan)
  12 yaktaurs
  A red devil (Pan)
  A fire elemental (Depths:4)
  A warg (Vaults:5)
  2 ogres (Vaults:1)
  A phantom (D:5)
  6 centaurs
  2 quasits (Abyss:3)
  12 ball lightnings
  2 orcs
  A block of ice (Pan)
  17 fungi
  2 lurking horrors (Abyss:3)
  26 plants
  11 starspawn tentacles
  4 tentacles (Shoals:4)
142 creatures vanquished.

Grand Total: 2890 creatures vanquished

Notes
Turn   | Place    | Note
-------+----------+-------------------------------------------
     0 | D:1      | Reached skill level 10 in Fighting
     0 | D:1      | mhoghedin the Gnoll Wanderer began the quest for the Orb.
     0 | D:1      | mhoghedin set off with: a +2 falchion, 2 potions of lignification {!q}, a +0 robe, a ration
     0 | D:1      | Reached XP level 1. HP: 28/28 MP: 1/1
    59 | D:1      | Reached XP level 2. HP: 22/36 MP: 2/2
   276 | D:1      | Reached XP level 3. HP: 36/42 MP: 3/3
   841 | D:2      | Reached skill level 1 in Invocations
   851 | D:2      | Reached skill level 1 in Short Blades
   851 | D:2      | Reached skill level 1 in Axes
   851 | D:2      | Reached skill level 1 in Maces & Flails
   851 | D:2      | Reached skill level 1 in Polearms
   851 | D:2      | Reached skill level 1 in Staves
   851 | D:2      | Reached skill level 1 in Slings
   851 | D:2      | Reached skill level 1 in Bows
   851 | D:2      | Reached skill level 1 in Crossbows
   851 | D:2      | Reached skill level 1 in Throwing
   851 | D:2      | Reached skill level 1 in Armour
   851 | D:2      | Reached skill level 1 in Unarmed Combat
   851 | D:2      | Reached skill level 1 in Spellcasting
   851 | D:2      | Reached skill level 1 in Evocations
   953 | D:2      | Reached XP level 4. HP: 48/48 MP: 5/5
  1149 | D:2      | Reached skill level 1 in Conjurations
  1149 | D:2      | Reached skill level 1 in Hexes
  1149 | D:2      | Reached skill level 1 in Charms
  1149 | D:2      | Reached skill level 1 in Summonings
  1149 | D:2      | Reached skill level 1 in Necromancy
  1149 | D:2      | Reached skill level 1 in Translocations
  1149 | D:2      | Reached skill level 1 in Transmutations
  1149 | D:2      | Reached skill level 1 in Fire Magic
  1149 | D:2      | Reached skill level 1 in Ice Magic
  1149 | D:2      | Reached skill level 1 in Air Magic
  1149 | D:2      | Reached skill level 1 in Earth Magic
  1149 | D:2      | Reached skill level 1 in Poison Magic
  1152 | D:2      | HP: 9/48 [gnoll (9)]
  1569 | D:3      | Reached XP level 5. HP: 44/54 MP: 6/6
  2103 | D:4      | Reached skill level 3 in Dodging
  2103 | D:4      | Reached skill level 3 in Shields
  2137 | D:4      | Found Gipsa's Antique Weapon Shoppe.
  2163 | D:4      | Noticed a phantom
  2175 | D:4      | Killed a phantom
  2175 | D:4      | Reached skill level 3 in Stealth
  2175 | D:4      | Reached skill level 2 in Invocations
  2175 | D:4      | Reached XP level 6. HP: 55/61 MP: 8/8
  2223 | D:4      | Reached skill level 2 in Short Blades
  2223 | D:4      | Reached skill level 5 in Long Blades
  2223 | D:4      | Reached skill level 2 in Axes
  2223 | D:4      | Reached skill level 2 in Maces & Flails
  2223 | D:4      | Reached skill level 2 in Polearms
  2223 | D:4      | Reached skill level 2 in Staves
  2223 | D:4      | Reached skill level 2 in Slings
  2223 | D:4      | Reached skill level 2 in Bows
  2223 | D:4      | Reached skill level 2 in Crossbows
  2223 | D:4      | Reached skill level 2 in Throwing
  2223 | D:4      | Reached skill level 2 in Armour
  2223 | D:4      | Reached skill level 2 in Unarmed Combat
  2223 | D:4      | Reached skill level 2 in Spellcasting
  2223 | D:4      | Reached skill level 2 in Evocations
  2294 | D:4      | Noticed a phantom
  2355 | D:4      | Killed a phantom
  2355 | D:4      | Reached XP level 7. HP: 26/67 MP: 10/10
  2923 | D:4      | Reached skill level 2 in Conjurations
  2923 | D:4      | Reached skill level 2 in Hexes
  2923 | D:4      | Reached skill level 2 in Charms
  2923 | D:4      | Reached skill level 2 in Summonings
  2923 | D:4      | Reached skill level 2 in Necromancy
  2923 | D:4      | Reached skill level 2 in Translocations
  2923 | D:4      | Reached skill level 2 in Transmutations
  2923 | D:4      | Reached skill level 2 in Fire Magic
  2923 | D:4      | Reached skill level 2 in Ice Magic
  2923 | D:4      | Reached skill level 2 in Air Magic
  2923 | D:4      | Reached skill level 2 in Earth Magic
  2923 | D:4      | Reached skill level 2 in Poison Magic
  2952 | D:4      | Found a bloodstained altar of Trog.
  3058 | D:5      | Entered Level 5 of the Dungeon
  3065 | D:5      | Found a staircase to the Ecumenical Temple.
  3080 | Temple   | Entered the Ecumenical Temple
  3325 | Temple   | Became a worshipper of Cheibriados the Contemplative
  3383 | D:5      | Reached skill level 3 in Invocations
  3748 | D:5      | Found Obyotinn's Antique Armour Shop.
  3760 | D:5      | Reached XP level 8. HP: 73/74 MP: 12/12
  3764 | D:5      | Bought a runed chain mail for 202 gold pieces
  3821 | D:5      | Got a dazzling trident {pain}
  3822 | D:5      | Identified the +3 trident of Bosymah {pain, rC+ rN+ Dex+3} (You took it off an orc wizard on level 5 of the Dungeon)
  3991 | D:5      | Reached skill level 4 in Dodging
  3991 | D:5      | Reached skill level 4 in Shields
  4023 | D:5      | Reached skill level 3 in Short Blades
  4023 | D:5      | Reached skill level 3 in Axes
  4023 | D:5      | Reached skill level 3 in Maces & Flails
  4023 | D:5      | Reached skill level 3 in Polearms
  4023 | D:5      | Reached skill level 3 in Staves
  4023 | D:5      | Reached skill level 3 in Slings
  4023 | D:5      | Reached skill level 3 in Bows
  4023 | D:5      | Reached skill level 3 in Crossbows
  4023 | D:5      | Reached skill level 3 in Throwing
  4023 | D:5      | Reached skill level 3 in Armour
  4023 | D:5      | Reached skill level 3 in Unarmed Combat
  4023 | D:5      | Reached skill level 3 in Spellcasting
  4023 | D:5      | Reached skill level 3 in Evocations
  4317 | D:5      | Found a burning altar of Makhleb.
  4372 | D:5      | Reached skill level 4 in Stealth
  4383 | D:6      | Noticed asdu's ghost (novice DrTm)
  4542 | D:6      | Reached * piety under Cheibriados
  4649 | D:6      | Found a radiant altar of Vehumet.
  4718 | D:6      | Reached skill level 4 in Invocations
  4724 | D:6      | Reached skill level 3 in Conjurations
  4724 | D:6      | Reached skill level 3 in Hexes
  4724 | D:6      | Reached skill level 3 in Charms
  4724 | D:6      | Reached skill level 3 in Summonings
  4724 | D:6      | Reached skill level 3 in Necromancy
  4724 | D:6      | Reached skill level 3 in Translocations
  4724 | D:6      | Reached skill level 3 in Transmutations
  4724 | D:6      | Reached skill level 3 in Fire Magic
  4724 | D:6      | Reached skill level 3 in Ice Magic
  4724 | D:6      | Reached skill level 3 in Air Magic
  4724 | D:6      | Reached skill level 3 in Earth Magic
  4724 | D:6      | Reached skill level 3 in Poison Magic
  4724 | D:6      | Reached XP level 9. HP: 71/79 MP: 14/14
  4766 | D:6      | Killed asdu's ghost
  4766 | D:6      | Reached skill level 11 in Fighting
  4766 | D:6      | Reached skill level 6 in Long Blades
  4829 | D:6      | Found an ancient bone altar of Kikubaaqudgha.
  4829 | D:6      | Found a blossoming altar of Fedhas.
  4831 | D:6      | Reached skill level 4 in Short Blades
  4831 | D:6      | Reached skill level 4 in Axes
  4831 | D:6      | Reached skill level 4 in Maces & Flails
  4831 | D:6      | Reached skill level 4 in Polearms
  4831 | D:6      | Reached skill level 4 in Staves
  4831 | D:6      | Reached skill level 4 in Slings
  4831 | D:6      | Reached skill level 4 in Bows
  4831 | D:6      | Reached skill level 4 in Crossbows
  4831 | D:6      | Reached skill level 4 in Throwing
  4831 | D:6      | Reached skill level 4 in Armour
  4831 | D:6      | Reached skill level 4 in Unarmed Combat
  4831 | D:6      | Reached skill level 4 in Spellcasting
  4831 | D:6      | Reached skill level 4 in Evocations
  5038 | D:6      | Reached ** piety under Cheibriados
  5056 | D:6      | Found a shimmering altar of Xom.
  5147 | D:6      | Reached skill level 5 in Dodging
  5147 | D:6      | Reached skill level 5 in Shields
  5483 | D:7      | Found a glowing golden altar of the Shining One.
  5553 | D:7      | Reached skill level 5 in Stealth
  5901 | D:7      | Found an opulent altar of Gozag.
  5901 | D:7      | Found a sacrificial altar of Ru.
  6152 | D:8      | Reached skill level 5 in Invocations
  6194 | D:8      | Noticed Prince Ribbit
  6194 | D:8      | Reached *** piety under Cheibriados
  6197 | D:8      | Killed Prince Ribbit
  6197 | D:8      | Reached XP level 10. HP: 79/88 MP: 15/17
  6295 | D:8      | Noticed a two-headed ogre
  6299 | D:8      | Reached skill level 4 in Conjurations
  6299 | D:8      | Reached skill level 4 in Hexes
  6299 | D:8      | Reached skill level 4 in Charms
  6299 | D:8      | Reached skill level 4 in Summonings
  6299 | D:8      | Reached skill level 4 in Necromancy
  6299 | D:8      | Reached skill level 4 in Translocations
  6299 | D:8      | Reached skill level 4 in Transmutations
  6299 | D:8      | Reached skill level 4 in Fire Magic
  6299 | D:8      | Reached skill level 4 in Ice Magic
  6299 | D:8      | Reached skill level 4 in Air Magic
  6299 | D:8      | Reached skill level 4 in Earth Magic
  6299 | D:8      | Reached skill level 4 in Poison Magic
  6308 | D:8      | Killed a two-headed ogre
  6308 | D:8      | Reached skill level 5 in Short Blades
  6308 | D:8      | Reached skill level 5 in Axes
  6308 | D:8      | Reached skill level 5 in Maces & Flails
  6308 | D:8      | Reached skill level 5 in Polearms
  6308 | D:8      | Reached skill level 5 in Staves
  6308 | D:8      | Reached skill level 5 in Slings
  6308 | D:8      | Reached skill level 5 in Bows
  6308 | D:8      | Reached skill level 5 in Crossbows
  6308 | D:8      | Reached skill level 5 in Throwing
  6308 | D:8      | Reached skill level 5 in Armour
  6308 | D:8      | Reached skill level 5 in Unarmed Combat
  6308 | D:8      | Reached skill level 5 in Spellcasting
  6308 | D:8      | Reached skill level 5 in Evocations
  6428 | D:8      | Noticed a gargoyle
  6431 | D:8      | Killed a gargoyle
  6431 | D:8      | Reached skill level 7 in Long Blades
  6894 | D:9      | Reached skill level 6 in Dodging
  6894 | D:9      | Reached skill level 6 in Shields
  7106 | D:9      | Reached **** piety under Cheibriados
  7111 | D:9      | Reached skill level 6 in Stealth
  7111 | D:9      | Reached skill level 6 in Invocations
  7120 | D:9      | Noticed mhoghedin's ghost (novice GnWn)
  7143 | D:9      | Killed mhoghedin's ghost
  7143 | D:9      | Reached XP level 11. HP: 61/95 MP: 14/19
  7546 | D:10     | Entered Level 10 of the Dungeon
  7567 | D:10     | Reached ***** piety under Cheibriados
  7607 | D:10     | Reached skill level 6 in Short Blades
  7607 | D:10     | Reached skill level 6 in Axes
  7607 | D:10     | Reached skill level 6 in Maces & Flails
  7607 | D:10     | Reached skill level 6 in Polearms
  7607 | D:10     | Reached skill level 6 in Staves
  7607 | D:10     | Reached skill level 6 in Slings
  7607 | D:10     | Reached skill level 6 in Bows
  7607 | D:10     | Reached skill level 6 in Crossbows
  7607 | D:10     | Reached skill level 6 in Throwing
  7607 | D:10     | Reached skill level 6 in Armour
  7607 | D:10     | Reached skill level 6 in Unarmed Combat
  7607 | D:10     | Reached skill level 6 in Spellcasting
  7607 | D:10     | Reached skill level 6 in Evocations
  7625 | D:10     | Reached skill level 5 in Conjurations
  7625 | D:10     | Reached skill level 5 in Hexes
  7625 | D:10     | Reached skill level 5 in Charms
  7625 | D:10     | Reached skill level 5 in Summonings
  7625 | D:10     | Reached skill level 5 in Necromancy
  7625 | D:10     | Reached skill level 5 in Translocations
  7625 | D:10     | Reached skill level 5 in Transmutations
  7625 | D:10     | Reached skill level 5 in Fire Magic
  7625 | D:10     | Reached skill level 5 in Ice Magic
  7625 | D:10     | Reached skill level 5 in Air Magic
  7625 | D:10     | Reached skill level 5 in Earth Magic
  7625 | D:10     | Reached skill level 5 in Poison Magic
  7904 | D:10     | Noticed KristoblXynda's ghost (novice DrMo)
  7923 | D:10     | Killed KristoblXynda's ghost
  8502 | D:10     | Found a staircase to the Lair.
  8691 | Lair:1   | Entered Level 1 of the Lair of Beasts
  8716 | Lair:1   | Reached skill level 7 in Invocations
  8904 | Lair:1   | Reached skill level 12 in Fighting
  8904 | Lair:1   | Reached skill level 8 in Long Blades
  8904 | Lair:1   | Reached skill level 7 in Dodging
  8904 | Lair:1   | Reached skill level 7 in Shields
  8989 | Lair:1   | Noticed a six-headed hydra
  8994 | Lair:1   | Killed a six-headed hydra
  8994 | Lair:1   | Reached skill level 7 in Stealth
  9076 | Lair:1   | HP: 22/95 [poisoned by a spiny frog]
  9081 | Lair:1   | HP: 18/95 [poisoned by a spiny frog]
  9086 | Lair:1   | HP: 16/95 [poisoned by a spiny frog]
  9091 | Lair:1   | HP: 13/95 [poisoned by a spiny frog]
  9097 | Lair:1   | HP: 11/95 [poisoned by a spiny frog]
  9102 | Lair:1   | HP: 11/95 [poisoned by a spiny frog]
  9108 | Lair:1   | HP: 10/95 [poisoned by a spiny frog]
  9117 | Lair:1   | HP: 10/95 [poisoned by a spiny frog]
  9122 | Lair:1   | HP: 11/95 [poisoned by a spiny frog]
  9129 | Lair:1   | HP: 12/95 [poisoned by a spiny frog]
  9477 | Lair:1   | Reached XP level 12. HP: 100/102 MP: 22/22
 10367 | Lair:2   | Reached ****** piety under Cheibriados
 10374 | Lair:2   | Reached skill level 7 in Short Blades
 10374 | Lair:2   | Reached skill level 7 in Axes
 10374 | Lair:2   | Reached skill level 7 in Maces & Flails
 10374 | Lair:2   | Reached skill level 7 in Polearms
 10374 | Lair:2   | Reached skill level 7 in Staves
 10374 | Lair:2   | Reached skill level 7 in Slings
 10374 | Lair:2   | Reached skill level 7 in Bows
 10374 | Lair:2   | Reached skill level 7 in Crossbows
 10374 | Lair:2   | Reached skill level 7 in Throwing
 10374 | Lair:2   | Reached skill level 7 in Armour
 10374 | Lair:2   | Reached skill level 7 in Unarmed Combat
 10374 | Lair:2   | Reached skill level 7 in Spellcasting
 10374 | Lair:2   | Reached skill level 7 in Evocations
 10739 | Lair:2   | Noticed Sonja
 10743 | Lair:2   | Killed Sonja
 10973 | Lair:2   | Found a staircase to the Shoals.
 11138 | Lair:3   | Reached skill level 6 in Conjurations
 11138 | Lair:3   | Reached skill level 6 in Hexes
 11138 | Lair:3   | Reached skill level 6 in Charms
 11138 | Lair:3   | Reached skill level 6 in Summonings
 11138 | Lair:3   | Reached skill level 6 in Necromancy
 11138 | Lair:3   | Reached skill level 6 in Translocations
 11138 | Lair:3   | Reached skill level 6 in Transmutations
 11138 | Lair:3   | Reached skill level 6 in Fire Magic
 11138 | Lair:3   | Reached skill level 6 in Ice Magic
 11138 | Lair:3   | Reached skill level 6 in Air Magic
 11138 | Lair:3   | Reached skill level 6 in Earth Magic
 11138 | Lair:3   | Reached skill level 6 in Poison Magic
 11157 | Lair:3   | Reached skill level 8 in Invocations
 11678 | Lair:3   | Reached skill level 8 in Dodging
 11678 | Lair:3   | Reached skill level 8 in Shields
 11680 | Lair:3   | Found a staircase to the Snake Pit.
 11751 | Lair:3   | Reached skill level 8 in Stealth
 11756 | Lair:3   | Reached skill level 9 in Long Blades
 12229 | Lair:4   | Reached XP level 13. HP: 109/109 MP: 24/24
 12537 | Lair:4   | Reached skill level 8 in Short Blades
 12537 | Lair:4   | Reached skill level 8 in Axes
 12537 | Lair:4   | Reached skill level 8 in Maces & Flails
 12537 | Lair:4   | Reached skill level 8 in Polearms
 12537 | Lair:4   | Reached skill level 8 in Staves
 12537 | Lair:4   | Reached skill level 8 in Slings
 12537 | Lair:4   | Reached skill level 8 in Bows
 12537 | Lair:4   | Reached skill level 8 in Crossbows
 12537 | Lair:4   | Reached skill level 8 in Throwing
 12537 | Lair:4   | Reached skill level 8 in Armour
 12537 | Lair:4   | Reached skill level 8 in Unarmed Combat
 12537 | Lair:4   | Reached skill level 8 in Spellcasting
 12537 | Lair:4   | Reached skill level 8 in Evocations
 12693 | Lair:4   | Reached skill level 9 in Invocations
 13104 | Lair:5   | Reached skill level 7 in Conjurations
 13104 | Lair:5   | Reached skill level 7 in Hexes
 13104 | Lair:5   | Reached skill level 7 in Charms
 13104 | Lair:5   | Reached skill level 7 in Summonings
 13104 | Lair:5   | Reached skill level 7 in Necromancy
 13104 | Lair:5   | Reached skill level 7 in Translocations
 13104 | Lair:5   | Reached skill level 7 in Transmutations
 13104 | Lair:5   | Reached skill level 7 in Fire Magic
 13104 | Lair:5   | Reached skill level 7 in Ice Magic
 13104 | Lair:5   | Reached skill level 7 in Air Magic
 13104 | Lair:5   | Reached skill level 7 in Earth Magic
 13104 | Lair:5   | Reached skill level 7 in Poison Magic
 13168 | Lair:5   | Reached skill level 13 in Fighting
 13168 | Lair:5   | Reached skill level 9 in Dodging
 13168 | Lair:5   | Reached skill level 9 in Shields
 13193 | Lair:5   | Reached skill level 9 in Stealth
 13338 | Lair:5   | Reached XP level 14. HP: 112/118 MP: 26/26
 13777 | Lair:5   | Identified a scroll of acquirement
 14122 | Lair:6   | Entered Level 6 of the Lair of Beasts
 14200 | Lair:6   | Reached skill level 10 in Long Blades
 14541 | Lair:6   | Reached skill level 9 in Short Blades
 14541 | Lair:6   | Reached skill level 9 in Axes
 14541 | Lair:6   | Reached skill level 9 in Maces & Flails
 14541 | Lair:6   | Reached skill level 9 in Polearms
 14541 | Lair:6   | Reached skill level 9 in Staves
 14541 | Lair:6   | Reached skill level 9 in Slings
 14541 | Lair:6   | Reached skill level 9 in Bows
 14541 | Lair:6   | Reached skill level 9 in Crossbows
 14541 | Lair:6   | Reached skill level 9 in Throwing
 14541 | Lair:6   | Reached skill level 9 in Armour
 14541 | Lair:6   | Reached skill level 9 in Unarmed Combat
 14541 | Lair:6   | Reached skill level 9 in Spellcasting
 14541 | Lair:6   | Reached skill level 9 in Evocations
 14687 | Lair:6   | Found a shattered altar of Ashenzari.
 14902 | Lair:6   | Was placed under penance by Cheibriados
 14910 | Lair:6   | Was forgiven by Cheibriados
 14917 | Lair:6   | Reached skill level 10 in Invocations
 15301 | Lair:6   | Got a shimmering battleaxe
 15307 | Lair:6   | Identified the cursed +2 battleaxe "Botux" {drain, *Noise rF++ MP+9 Dex+3} (You found it on level 6 of the Lair of Beasts)
 15914 | Lair:6   | Found a viscous altar of Jiyva.
 15915 | Lair:6   | Found a staircase to the Slime Pits.
 16190 | Lair:6   | Learned a level 5 spell: Borgnjor's Vile Clutch
 16197 | Lair:6   | Learned a level 6 spell: Death Channel
 16510 | Snake:1  | Entered Level 1 of the Snake Pit
 16515 | Snake:1  | Reached skill level 8 in Conjurations
 16515 | Snake:1  | Reached skill level 8 in Hexes
 16515 | Snake:1  | Reached skill level 8 in Charms
 16515 | Snake:1  | Reached skill level 8 in Summonings
 16515 | Snake:1  | Reached skill level 8 in Necromancy
 16515 | Snake:1  | Reached skill level 8 in Translocations
 16515 | Snake:1  | Reached skill level 8 in Transmutations
 16515 | Snake:1  | Reached skill level 8 in Fire Magic
 16515 | Snake:1  | Reached skill level 8 in Ice Magic
 16515 | Snake:1  | Reached skill level 8 in Air Magic
 16515 | Snake:1  | Reached skill level 8 in Earth Magic
 16515 | Snake:1  | Reached skill level 8 in Poison Magic
 16531 | Snake:1  | Reached XP level 15. HP: 124/124 MP: 22/28
 16581 | Snake:1  | Reached skill level 10 in Dodging
 16581 | Snake:1  | Reached skill level 10 in Shields
 16618 | Snake:1  | Noticed Nikola
 16632 | Snake:1  | Killed Nikola
 16632 | Snake:1  | Reached skill level 10 in Stealth
 16636 | Snake:1  | Noticed Asterion
 16648 | Snake:1  | Killed Asterion
 16860 | Snake:1  | Learned a level 4 spell: Animate Dead
 17203 | D:11     | Noticed Nergalle
 17211 | D:11     | Killed Nergalle
 17308 | D:11     | Learned a level 2 spell: Blink
 17643 | D:11     | Found a staircase to the Orcish Mines.
 17883 | Orc:1    | Entered Level 1 of the Orcish Mines
 18146 | Orc:2    | Entered Level 2 of the Orcish Mines
 18192 | Orc:2    | Found a frozen archway.
 18224 | Orc:2    | Found a staircase to the Elven Halls.
 18231 | Orc:2    | Reached skill level 10 in Short Blades
 18231 | Orc:2    | Reached skill level 10 in Axes
 18231 | Orc:2    | Reached skill level 10 in Maces & Flails
 18231 | Orc:2    | Reached skill level 10 in Polearms
 18231 | Orc:2    | Reached skill level 10 in Staves
 18231 | Orc:2    | Reached skill level 10 in Slings
 18231 | Orc:2    | Reached skill level 10 in Bows
 18231 | Orc:2    | Reached skill level 10 in Crossbows
 18231 | Orc:2    | Reached skill level 10 in Throwing
 18231 | Orc:2    | Reached skill level 10 in Armour
 18231 | Orc:2    | Reached skill level 10 in Unarmed Combat
 18231 | Orc:2    | Reached skill level 10 in Spellcasting
 18231 | Orc:2    | Reached skill level 10 in Evocations
 18281 | Orc:2    | Found Qokhlenamp's Assorted Antiques.
 18281 | Orc:2    | Found Qehomuo's Book Shoppe.
 18283 | Orc:2    | Found Zeha Coy's General Store.
 18283 | Orc:2    | Found Xamiolom's Weapon Boutique.
 18286 | Orc:2    | Reached skill level 11 in Long Blades
 18289 | Orc:2    | Reached skill level 11 in Invocations
 18351 | Orc:2    | Found a roughly hewn altar of Beogh.
 18392 | Orc:2    | Found a flickering gateway to a bazaar.
 18398 | Bazaar   | Entered a bazaar
 18402 | Bazaar   | Found Loczajoh's Distillery.
 18410 | Bazaar   | Found Teraor's Antique Armour Boutique.
 18421 | Bazaar   | Found Vaumm's Gadget Emporium.
 18432 | Bazaar   | Found Wybal's General Store.
 18440 | Bazaar   | Found Xeolliewa's Antique Weapon Shop.
 18490 | Bazaar   | Bought a fine plate armour for 700 gold pieces
 18500 | Bazaar   | Identified the +15 plate armour of Raugish {rF+ rC+ MP+9 Slay-4} (You bought it in a shop in a bazaar)
 18500 | Bazaar   | Bought a steaming scale mail for 225 gold pieces
 18510 | Bazaar   | Identified the +5 scale mail of Vanity {rElec} (You bought it in a shop in a bazaar)
 19402 | D:12     | Reached skill level 14 in Fighting
 19783 | D:12     | Reached XP level 16. HP: 133/133 MP: 30/30
 20545 | D:13     | Found a portal to a secret trove of treasure.
 20878 | D:14     | Got a translucent leather armour
 20912 | D:14     | Identified the cursed +0 leather armour "Mosmoroud" {rF++ rC- rN+ SInv} (You found it on level 14 of the Dungeon)
 21025 | D:14     | Noticed Kirke
 21037 | D:14     | Killed Kirke
 21099 | D:14     | Reached skill level 9 in Conjurations
 21099 | D:14     | Reached skill level 9 in Hexes
 21099 | D:14     | Reached skill level 9 in Charms
 21099 | D:14     | Reached skill level 9 in Summonings
 21099 | D:14     | Reached skill level 9 in Necromancy
 21099 | D:14     | Reached skill level 9 in Translocations
 21099 | D:14     | Reached skill level 9 in Transmutations
 21099 | D:14     | Reached skill level 9 in Fire Magic
 21099 | D:14     | Reached skill level 9 in Ice Magic
 21099 | D:14     | Reached skill level 9 in Air Magic
 21099 | D:14     | Reached skill level 9 in Earth Magic
 21099 | D:14     | Reached skill level 9 in Poison Magic
 21519 | D:14     | Found a gate to the Vaults.
 21626 | D:15     | Entered Level 15 of the Dungeon
 21721 | D:15     | Found a staircase to the Depths.
 21729 | D:15     | Reached skill level 11 in Dodging
 21729 | D:15     | Reached skill level 11 in Shields
 22041 | D:15     | Found a shattered altar of Ashenzari.
 22572 | Snake:1  | Reached skill level 11 in Stealth
 22854 | Snake:1  | Noticed Aizul
 22870 | Snake:1  | Killed Aizul
 23611 | Snake:2  | Found Xiex Riu's Food Emporium.
 23684 | Snake:3  | Upgraded the game from 0.22-a0-252-gcace5d2 to 0.22-a0-253-gf9d0ce5
 23860 | Snake:3  | Reached skill level 11 in Short Blades
 23860 | Snake:3  | Reached skill level 11 in Axes
 23860 | Snake:3  | Reached skill level 11 in Maces & Flails
 23860 | Snake:3  | Reached skill level 11 in Polearms
 23860 | Snake:3  | Reached skill level 11 in Staves
 23860 | Snake:3  | Reached skill level 11 in Slings
 23860 | Snake:3  | Reached skill level 11 in Bows
 23860 | Snake:3  | Reached skill level 11 in Crossbows
 23860 | Snake:3  | Reached skill level 11 in Throwing
 23860 | Snake:3  | Reached skill level 11 in Armour
 23860 | Snake:3  | Reached skill level 11 in Unarmed Combat
 23860 | Snake:3  | Reached skill level 11 in Spellcasting
 23860 | Snake:3  | Reached skill level 11 in Evocations
 23893 | Snake:3  | Learned a level 5 spell: Fireball
 23951 | Snake:3  | Found a glowing golden altar of the Shining One.
 24061 | Snake:3  | Noticed a nagaraja
 24154 | Snake:3  | Noticed a nagaraja
 24159 | Snake:3  | Killed a nagaraja
 24159 | Snake:3  | Reached XP level 17. HP: 140/140 MP: 21/32
 24258 | Snake:3  | Noticed Louise
 24267 | Snake:3  | Killed Louise
 24270 | Snake:3  | Got a brightly glowing large shield
 24271 | Snake:3  | Identified the +1 large shield "Saimp" {Str+4} (You took it off Louise on level 3 of the Snake Pit)
 24365 | Snake:3  | Reached skill level 12 in Invocations
 24609 | Snake:4  | Entered Level 4 of the Snake Pit
 24609 | Snake:4  | Found a deep blue altar of Sif Muna.
 24742 | Snake:4  | Reached skill level 12 in Long Blades
 26367 | Snake:4  | Got a serpentine rune of Zot
 26397 | Snake:4  | HP: 23/140 [naga mage/bolt of poison (15)]
 26850 | Shoals:1 | Entered Level 1 of the Shoals
 27360 | Shoals:1 | Learned a level 6 spell: Freezing Cloud
 27672 | Shoals:1 | Reached skill level 10 in Conjurations
 27672 | Shoals:1 | Reached skill level 10 in Hexes
 27672 | Shoals:1 | Reached skill level 10 in Charms
 27672 | Shoals:1 | Reached skill level 10 in Summonings
 27672 | Shoals:1 | Reached skill level 10 in Necromancy
 27672 | Shoals:1 | Reached skill level 10 in Translocations
 27672 | Shoals:1 | Reached skill level 10 in Transmutations
 27672 | Shoals:1 | Reached skill level 10 in Fire Magic
 27672 | Shoals:1 | Reached skill level 10 in Ice Magic
 27672 | Shoals:1 | Reached skill level 10 in Air Magic
 27672 | Shoals:1 | Reached skill level 10 in Earth Magic
 27672 | Shoals:1 | Reached skill level 10 in Poison Magic
 28195 | Shoals:2 | Reached XP level 18. HP: 119/148 MP: 26/33
 28201 | Shoals:2 | Reached skill level 12 in Dodging
 28201 | Shoals:2 | Reached skill level 12 in Shields
 28209 | Shoals:2 | Found Seud's Assorted Antiques.
 28311 | Shoals:2 | Reached skill level 12 in Stealth
 28444 | Shoals:2 | Reached skill level 15 in Fighting
 28922 | Shoals:2 | Learned a level 4 spell: Summon Lightning Spire
 29096 | Shoals:3 | Noticed Polyphemus
 29117 | Shoals:3 | Killed Polyphemus
 29189 | Shoals:3 | Got a jewelled leather armour
 29192 | Shoals:3 | Identified the cursed +1 leather armour of the Vaults {*Drain +Inv rC+++ Dex-2} (You found it on level 3 of the Shoals)
 29204 | Shoals:3 | Reached skill level 12 in Short Blades
 29204 | Shoals:3 | Reached skill level 12 in Axes
 29204 | Shoals:3 | Reached skill level 12 in Maces & Flails
 29204 | Shoals:3 | Reached skill level 12 in Polearms
 29204 | Shoals:3 | Reached skill level 12 in Staves
 29204 | Shoals:3 | Reached skill level 12 in Slings
 29204 | Shoals:3 | Reached skill level 12 in Bows
 29204 | Shoals:3 | Reached skill level 12 in Crossbows
 29204 | Shoals:3 | Reached skill level 12 in Throwing
 29204 | Shoals:3 | Reached skill level 12 in Armour
 29204 | Shoals:3 | Reached skill level 12 in Unarmed Combat
 29204 | Shoals:3 | Reached skill level 12 in Spellcasting
 29204 | Shoals:3 | Reached skill level 12 in Evocations
 29240 | Shoals:3 | Found Laem Ick's Assorted Antiques.
 29251 | Shoals:3 | Noticed Mara
 29268 | Shoals:3 | Noticed mhoghedin's illusion
 29647 | Shoals:4 | Entered Level 4 of the Shoals
 29652 | Shoals:4 | Learned a level 1 spell: Apportation
 29654 | Shoals:4 | Learned a level 1 spell: Summon Butterflies
 29665 | Shoals:4 | Noticed Ilsuiw
 29671 | Shoals:4 | Killed Ilsuiw
 29685 | Shoals:4 | Reached skill level 13 in Invocations
 29997 | Shoals:4 | Got a transparent bronze amulet
 29998 | Shoals:4 | Identified the amulet of Cijoypn {Inacc Int+2 Stlth+} (You found it on level 4 of the Shoals)
 30078 | Shoals:4 | Learned a level 6 spell: Deflect Missiles
 30212 | Shoals:4 | Got a barnacled rune of Zot
 30633 | Shoals:2 | Learned a level 5 spell: Aura of Abjuration
 30816 | Elf:1    | Entered Level 1 of the Elven Halls
 30875 | Elf:1    | Reached skill level 13 in Long Blades
 30915 | Elf:1    | Found Libliucw's Jewellery Shoppe.
 30918 | Elf:1    | Found Muobrecw's Assorted Antiques.
 30918 | Elf:1    | Found Koupetziw's Magic Scroll Emporium.
 30921 | Elf:1    | Found Vupn's Armour Emporium.
 30960 | Elf:1    | Bought a scroll of acquirement for 728 gold pieces
 30964 | Elf:1    | Got a sparkling turquoise ring
 30966 | Elf:1    | Identified the ring of the Evil One {rPois rF+ MP+9 Str+4} (You acquired it on level 1 of the Elven Halls)
 31204 | Elf:1    | Learned a level 5 spell: Silence
 31258 | Elf:1    | Reached XP level 19. HP: 145/155 MP: 35/35
 31626 | Elf:1    | Identified the Volume of the Oath and Self-Improvement
 32048 | Elf:2    | Found a runed gate.
 32048 | Elf:2    | Found a runed gate.
 32050 | Elf:2    | Found a runed gate.
 32211 | Elf:2    | Found a deep blue altar of Sif Muna.
 32655 | Elf:2    | Reached skill level 13 in Dodging
 32655 | Elf:2    | Reached skill level 13 in Shields
 32826 | Elf:3    | Entered Level 3 of the Elven Halls
 32918 | Elf:3    | Reached skill level 13 in Stealth
 32918 | Elf:3    | Reached skill level 11 in Conjurations
 32918 | Elf:3    | Reached skill level 11 in Hexes
 32918 | Elf:3    | Reached skill level 11 in Charms
 32918 | Elf:3    | Reached skill level 11 in Summonings
 32918 | Elf:3    | Reached skill level 11 in Necromancy
 32918 | Elf:3    | Reached skill level 11 in Translocations
 32918 | Elf:3    | Reached skill level 11 in Transmutations
 32918 | Elf:3    | Reached skill level 11 in Fire Magic
 32918 | Elf:3    | Reached skill level 11 in Ice Magic
 32918 | Elf:3    | Reached skill level 11 in Air Magic
 32918 | Elf:3    | Reached skill level 11 in Earth Magic
 32918 | Elf:3    | Reached skill level 11 in Poison Magic
 33010 | Elf:3    | Noticed Bai Suzhen
 33027 | Elf:3    | Killed Bai Suzhen
 33381 | Elf:3    | Noticed Jorgrun
 33406 | Elf:3    | Killed Jorgrun
 33535 | Elf:3    | Noticed a Hell Sentinel
 33555 | Elf:3    | Noticed a Brimstone Fiend
 33555 | Elf:3    | Reached XP level 20. HP: 70/164 MP: 29/36
 33582 | Elf:3    | HP: 40/164 [deep elf high priest/divine providence (14)]
 34005 | Elf:3    | Reached skill level 13 in Short Blades
 34005 | Elf:3    | Reached skill level 13 in Axes
 34005 | Elf:3    | Reached skill level 13 in Maces & Flails
 34005 | Elf:3    | Reached skill level 13 in Polearms
 34005 | Elf:3    | Reached skill level 13 in Staves
 34005 | Elf:3    | Reached skill level 13 in Slings
 34005 | Elf:3    | Reached skill level 13 in Bows
 34005 | Elf:3    | Reached skill level 13 in Crossbows
 34005 | Elf:3    | Reached skill level 13 in Throwing
 34005 | Elf:3    | Reached skill level 13 in Armour
 34005 | Elf:3    | Reached skill level 13 in Unarmed Combat
 34005 | Elf:3    | Reached skill level 13 in Spellcasting
 34005 | Elf:3    | Reached skill level 14 in Invocations
 34005 | Elf:3    | Reached skill level 13 in Evocations
 34279 | Elf:3    | Cast into level 2 of the Abyss (a deep elf demonologist)
 34712 | Abyss:2  | Paralysed by accursed screaming for 1 turns
 35279 | Abyss:2  | Reached skill level 16 in Fighting
 35282 | Elf:3    | Escaped the Abyss
 35596 | Elf:3    | Noticed a Brimstone Fiend
 35605 | Elf:3    | HP: 41/164 [white very ugly thing (14)]
 35620 | Elf:3    | Noticed a Tzitzimitl
 35669 | Elf:3    | Got an encrusted leather armour
 35755 | Elf:3    | Identified the Compendium of Bewitching Clay
 35858 | Elf:3    | Got a jewelled mace
 35859 | Elf:3    | Identified the +5 mace of Kippias {freeze, rN+ Stlth+} (You found it on level 3 of the Elven Halls)
 35862 | Elf:3    | Got a dazzling hand crossbow
 35863 | Elf:3    | Identified the +5 hand crossbow of Anxiety {velocity, Dex+7 Stlth+} (You found it on level 3 of the Elven Halls)
 36071 | Vaults:1 | Entered Level 1 of the Vaults
 36073 | Vaults:1 | Paralysed by a wizard for 2 turns
 36480 | Vaults:1 | Reached skill level 14 in Long Blades
 37328 | Vaults:2 | Noticed Xtahua
 37349 | Vaults:2 | Killed Xtahua
 37349 | Vaults:2 | Reached XP level 21. HP: 171/171 MP: 38/38
 37569 | Elf:3    | Got a flickering gossamer ring
 37624 | Elf:3    | Identified the ring of Xelagar {Str+4 Int+4 Dex+3} (You took it off a deep elf sorcerer on level 3 of the Elven Halls)
 38051 | Vaults:2 | Paralysed by a great orb of eyes for 2 turns
 38235 | Vaults:2 | Reached skill level 14 in Bows
 38897 | Vaults:3 | Found a flickering gateway to a bazaar.
 38907 | Bazaar   | Entered a bazaar
 38921 | Bazaar   | Found Uprig's Gadget Shoppe.
 38936 | Bazaar   | Found Eleum's Armour Shoppe.
 38936 | Bazaar   | Found Sepadial's Jewellery Emporium.
 38957 | Bazaar   | Found Esiq's Book Emporium.
 39396 | Vaults:3 | Reached skill level 14 in Dodging
 39396 | Vaults:3 | Reached skill level 14 in Shields
 39460 | Vaults:3 | Reached skill level 14 in Stealth
 39762 | Vaults:3 | Reached skill level 15 in Invocations
 39768 | Vaults:3 | Reached skill level 12 in Conjurations
 39768 | Vaults:3 | Reached skill level 12 in Hexes
 39768 | Vaults:3 | Reached skill level 12 in Charms
 39768 | Vaults:3 | Reached skill level 12 in Summonings
 39768 | Vaults:3 | Reached skill level 12 in Necromancy
 39768 | Vaults:3 | Reached skill level 12 in Translocations
 39768 | Vaults:3 | Reached skill level 12 in Transmutations
 39768 | Vaults:3 | Reached skill level 12 in Fire Magic
 39768 | Vaults:3 | Reached skill level 12 in Ice Magic
 39768 | Vaults:3 | Reached skill level 12 in Air Magic
 39768 | Vaults:3 | Reached skill level 12 in Earth Magic
 39768 | Vaults:3 | Reached skill level 12 in Poison Magic
 39785 | Vaults:3 | Learned a level 4 spell: Passage of Golubria
 39788 | Vaults:3 | Learned a level 2 spell: Shroud of Golubria
 40334 | Vaults:3 | Reached skill level 14 in Short Blades
 40334 | Vaults:3 | Reached skill level 14 in Axes
 40334 | Vaults:3 | Reached skill level 14 in Maces & Flails
 40334 | Vaults:3 | Reached skill level 14 in Polearms
 40334 | Vaults:3 | Reached skill level 14 in Staves
 40334 | Vaults:3 | Reached skill level 14 in Slings
 40334 | Vaults:3 | Reached skill level 14 in Crossbows
 40334 | Vaults:3 | Reached skill level 14 in Throwing
 40334 | Vaults:3 | Reached skill level 14 in Armour
 40334 | Vaults:3 | Reached skill level 14 in Unarmed Combat
 40334 | Vaults:3 | Reached skill level 14 in Spellcasting
 40334 | Vaults:3 | Reached skill level 14 in Evocations
 40629 | Vaults:3 | Found a staircase to the Crypt.
 41165 | Vaults:4 | Reached XP level 22. HP: 175/180 MP: 37/40
 41185 | Vaults:4 | Reached skill level 15 in Bows
 41281 | Vaults:4 | Paralysed by an orc sorcerer for 2 turns
 42139 | Vaults:5 | Entered Level 5 of the Vaults
 42144 | Vaults:5 | Reached skill level 17 in Fighting
 42144 | Vaults:5 | Reached skill level 15 in Long Blades
 42156 | Vaults:5 | Noticed a golden dragon
 42167 | Vaults:5 | Killed a golden dragon
 42524 | Vaults:5 | Reached XP level 23. HP: 104/188 MP: 25/41
 42525 | Vaults:5 | Reached skill level 16 in Bows
 42984 | Vaults:5 | Noticed a golden dragon
 43000 | Vaults:5 | Reached skill level 15 in Dodging
 43000 | Vaults:5 | Reached skill level 15 in Shields
 43029 | Vaults:5 | Reached skill level 15 in Stealth
 43030 | Vaults:5 | Reached skill level 16 in Invocations
 43065 | Vaults:5 | Killed a golden dragon
 43089 | Vaults:5 | Reached skill level 15 in Short Blades
 43089 | Vaults:5 | Reached skill level 15 in Axes
 43089 | Vaults:5 | Reached skill level 15 in Maces & Flails
 43089 | Vaults:5 | Reached skill level 15 in Polearms
 43089 | Vaults:5 | Reached skill level 15 in Staves
 43089 | Vaults:5 | Reached skill level 15 in Slings
 43089 | Vaults:5 | Reached skill level 15 in Crossbows
 43089 | Vaults:5 | Reached skill level 15 in Throwing
 43089 | Vaults:5 | Reached skill level 15 in Armour
 43089 | Vaults:5 | Reached skill level 15 in Unarmed Combat
 43089 | Vaults:5 | Reached skill level 15 in Spellcasting
 43089 | Vaults:5 | Reached skill level 15 in Evocations
 43487 | Vaults:5 | Got a pair of crude boots
 43498 | Vaults:5 | Identified the cursed +0 pair of boots of New Discoveries {rElec Int+5 Dex+3 Slay+4} (You found it on level 5 of the Vaults)
 43591 | Vaults:5 | Got a silver rune of Zot
 43685 | Vaults:5 | Got a spiked chain mail
 43766 | Vaults:5 | Got a dazzling rapier
 43767 | Vaults:5 | Identified the cursed +1 rapier "Cyiri" {vamp, Int+4} (You found it on level 5 of the Vaults)
 43768 | Vaults:5 | Identified the cursed +1 chain mail of Limitation {rCorr} (You found it on level 5 of the Vaults)
 44235 | Vaults:5 | Got an uncursed ebony long sword {pain}
 44236 | Vaults:5 | Identified the +8 long sword "Baqas" {pain, rC+ Str+4} (You took it off a yaktaur captain on level 5 of the Vaults)
 44415 | Depths:1 | Entered Level 1 of the Depths
 44455 | Depths:1 | Reached skill level 13 in Conjurations
 44455 | Depths:1 | Reached skill level 13 in Hexes
 44455 | Depths:1 | Reached skill level 13 in Charms
 44455 | Depths:1 | Reached skill level 13 in Summonings
 44455 | Depths:1 | Reached skill level 13 in Necromancy
 44455 | Depths:1 | Reached skill level 13 in Translocations
 44455 | Depths:1 | Reached skill level 13 in Transmutations
 44455 | Depths:1 | Reached skill level 13 in Fire Magic
 44455 | Depths:1 | Reached skill level 13 in Ice Magic
 44455 | Depths:1 | Reached skill level 13 in Air Magic
 44455 | Depths:1 | Reached skill level 13 in Earth Magic
 44455 | Depths:1 | Reached skill level 13 in Poison Magic
 44851 | Depths:1 | Found Nami's Armour Emporium.
 44853 | Depths:1 | Found Xoxis's Assorted Antiques.
 44855 | Depths:1 | Found Ocoul's Book Emporium.
 44860 | Depths:1 | Paralysed by a great orb of eyes for 7 turns
 44878 | Depths:1 | Paralysed by a great orb of eyes for 2 turns
 46541 | Depths:1 | Found a gateway to Hell.
 46546 | Depths:1 | Learned a level 3 spell: Vampiric Draining
 46619 | Depths:1 | Found a one-way gate leading to the halls of Pandemonium.
 46787 | Depths:1 | Found a runed door.
 47636 | Depths:2 | Reached XP level 24. HP: 168/196 MP: 42/42
 47652 | Depths:2 | Reached skill level 17 in Bows
 48012 | Depths:2 | Reached skill level 16 in Long Blades
 48209 | Depths:2 | Found a one-way gate to the infinite horrors of the Abyss.
 48959 | Depths:3 | Identified the Volume of Cankerous Darkness
 48998 | Depths:3 | Found a gateway to a ziggurat.
 49113 | Depths:3 | Found Gozag's Antique Armour Boutique.
 49310 | Depths:3 | Found Gozag's Assorted Antiques.
 49315 | Depths:3 | Found an opulent altar of Gozag.
 49320 | Depths:3 | Found Gozag's Antique Weapon Shop.
 49505 | Depths:3 | Paralysed by the power of Zot for 5 turns
 49980 | Depths:4 | Reached skill level 18 in Fighting
 50123 | Depths:4 | Noticed Boris
 50142 | Depths:4 | Killed Boris
 50297 | Depths:4 | Identified Sif Muna's Incunabulum of the Mountains and Good Luck
 50305 | Depths:4 | Got a pitted wooden ring
 50339 | Depths:4 | Identified the ring of Numirchou {Str+3 Dex+3} (You found it on level 4 of the Depths)
 50366 | Depths:4 | Reached skill level 17 in Invocations
 50413 | Depths:4 | Reached skill level 16 in Dodging
 50413 | Depths:4 | Reached skill level 16 in Shields
 50419 | Depths:4 | Reached XP level 25. HP: 160/204 MP: 41/42
 50447 | Depths:4 | Identified Qiumebuopli's Collected Works on Enthralling Sinister Rituals
 50508 | Depths:4 | Reached skill level 16 in Stealth
 50642 | Depths:4 | Reached skill level 18 in Bows
 50662 | Depths:4 | Voluntarily entered the Abyss.
 50824 | Abyss:2  | Found a corrupted altar of Lugonu.
 50831 | Abyss:2  | Gained mutation: Armour fits poorly on your strangely shaped body. [a neqoxec]
 50965 | Abyss:2  | Found a corrupted altar of Lugonu.
 51044 | Abyss:2  | Gained mutation: You do not regenerate when monsters are visible. [a shining eye]
 51046 | Abyss:2  | Gained mutation: You are clumsy. (Dex -2) [a shining eye]
 51048 | Abyss:2  | Gained mutation: You are robust. (+10% HP) [a shining eye]
 51052 | Abyss:2  | Gained mutation: You are dopey. (Int -2) [a shining eye]
 51058 | Abyss:2  | Lost mutation: You are robust. (+10% HP) [potion of mutation]
 51058 | Abyss:2  | Lost mutation: Armour fits poorly on your strangely shaped body. [potion of mutation]
 51058 | Abyss:2  | Lost mutation: You are dopey. (Int -2) [potion of mutation]
 51058 | Abyss:2  | Gained mutation: You have sharp fingernails. [potion of mutation]
 51058 | Abyss:2  | Gained mutation: Your muscles are strong. (Str +2) [potion of mutation]
 51059 | Abyss:2  | Lost mutation: You do not regenerate when monsters are visible. [potion of mutation]
 51059 | Abyss:2  | Gained mutation: Your movements are slightly less encumbered by armour. (ER -2) [potion of mutation]
 51059 | Abyss:2  | Gained mutation: Your natural rate of healing is unusually fast. [potion of mutation]
 51059 | Abyss:2  | Gained mutation: Your mind is acute. (Int +2) [potion of mutation]
 51431 | Abyss:3  | Reached skill level 16 in Short Blades
 51431 | Abyss:3  | Reached skill level 16 in Axes
 51431 | Abyss:3  | Reached skill level 16 in Maces & Flails
 51431 | Abyss:3  | Reached skill level 16 in Polearms
 51431 | Abyss:3  | Reached skill level 16 in Staves
 51431 | Abyss:3  | Reached skill level 16 in Slings
 51431 | Abyss:3  | Reached skill level 16 in Crossbows
 51431 | Abyss:3  | Reached skill level 16 in Throwing
 51431 | Abyss:3  | Reached skill level 16 in Armour
 51431 | Abyss:3  | Reached skill level 16 in Unarmed Combat
 51431 | Abyss:3  | Reached skill level 16 in Spellcasting
 51431 | Abyss:3  | Reached skill level 16 in Evocations
 51574 | Abyss:3  | Got a bound tin ring
 51731 | Abyss:3  | Found a corrupted altar of Lugonu.
 51795 | Abyss:3  | Identified the ring of Broken Luck {rPois Int+2} (You found it on level 3 of the Abyss)
 51916 | Abyss:3  | Found a corrupted altar of Lugonu.
 52346 | Abyss:3  | Lost mutation: Your mind is acute. (Int +2) [a neqoxec]
 52388 | Abyss:3  | Got an abyssal rune of Zot
 52399 | Abyss:3  | Reached skill level 14 in Conjurations
 52399 | Abyss:3  | Reached skill level 14 in Hexes
 52399 | Abyss:3  | Reached skill level 14 in Charms
 52399 | Abyss:3  | Reached skill level 14 in Summonings
 52399 | Abyss:3  | Reached skill level 14 in Necromancy
 52399 | Abyss:3  | Reached skill level 14 in Translocations
 52399 | Abyss:3  | Reached skill level 14 in Transmutations
 52399 | Abyss:3  | Reached skill level 14 in Fire Magic
 52399 | Abyss:3  | Reached skill level 14 in Ice Magic
 52399 | Abyss:3  | Reached skill level 14 in Air Magic
 52399 | Abyss:3  | Reached skill level 14 in Earth Magic
 52399 | Abyss:3  | Reached skill level 14 in Poison Magic
 52667 | Abyss:3  | Paralysed by accursed screaming for 1 turns
 52839 | Depths:4 | Escaped the Abyss
 52941 | Depths:4 | Identified the Disquisition on Fire and Ice
 53693 | Slime:1  | Entered Level 1 of the Pits of Slime
 53781 | Slime:1  | Gained mutation: Armour fits poorly on your strangely shaped body. [a shining eye]
 53781 | Slime:1  | Gained mutation: You tend to lose your temper in combat. [a shining eye]
 53783 | Slime:1  | Gained mutation: Your body sometimes deteriorates upon taking damage. [a shining eye]
 53790 | Slime:1  | Learned a level 3 spell: Portal Projectile
 53907 | Slime:2  | Reached XP level 26. HP: 107/213 MP: 19/43
 53931 | Slime:1  | Lost mutation: Your muscles are strong. (Str +2) [potion of mutation]
 53931 | Slime:1  | Lost mutation: Your body sometimes deteriorates upon taking damage. [potion of mutation]
 53931 | Slime:1  | Lost mutation: You are clumsy. (Dex -2) [potion of mutation]
 53931 | Slime:1  | Lost mutation: Armour fits poorly on your strangely shaped body. [potion of mutation]
 53931 | Slime:1  | Gained mutation: You expend magic power (3 MP) to strengthen your wands. [potion of mutation]
 53931 | Slime:1  | Gained mutation: Your flesh is heat resistant. (rF+) [potion of mutation]
 54304 | Slime:4  | Reached skill level 19 in Bows
 54309 | Slime:5  | Entered Level 5 of the Pits of Slime
 54348 | Slime:5  | Gained mutation: Your body sometimes deteriorates upon taking damage. [a shining eye]
 54349 | Slime:5  | Lost mutation: Your natural rate of healing is unusually fast. [a shining eye]
 54426 | Slime:5  | Reached skill level 17 in Long Blades
 54555 | Slime:5  | Found the +8 orange crystal plate armour {Archmagi, Int+3 Clar}
 54555 | Slime:5  | Noticed the Royal Jelly
 54570 | Slime:5  | Found a viscous altar of Jiyva.
 54573 | Slime:5  | Found the +10 Black Knight's horse barding {ponderous, rPois rN+}
 54584 | Slime:5  | Killed the Royal Jelly
 54659 | Slime:5  | Identified the Grimoire of Mutagenic Clay
 54669 | Slime:5  | Got a faintly humming robe
 54670 | Slime:5  | Identified the +2 robe "Valuv" {Str+2 Dex+6} (You found it on level 5 of the Pits of Slime)
 54686 | Slime:5  | Identified the Incunabulum of Transmigration and Feathers
 54740 | Slime:5  | Got a slimy rune of Zot
 54764 | Slime:5  | Got a brightly glowing lead ring
 54830 | Slime:5  | Identified the ring of Jaaz {rElec rC+ Int+4 Stlth+} (You found it on level 5 of the Pits of Slime)
 54832 | Slime:5  | Identified the +3 arbalest of Disarray {velocity, rF+} (You found it on level 5 of the Pits of Slime)
 54944 | Slime:5  | Gained mutation: You are resistant to hostile enchantments. (MR+) [a shining eye]
 54945 | Slime:5  | Gained mutation: Armour fits poorly on your strangely shaped body. [a shining eye]
 54946 | Slime:5  | Gained mutation: You are dopey. (Int -2) [a shining eye]
 54946 | Slime:5  | Gained mutation: Scrolls take you a little longer to read. [a shining eye]
 55149 | Slime:5  | Lost mutation: You are resistant to hostile enchantments. (MR+) [potion of mutation]
 55149 | Slime:5  | Lost mutation: You are dopey. (Int -2) [potion of mutation]
 55149 | Slime:5  | Lost mutation: Your body sometimes deteriorates upon taking damage. [potion of mutation]
 55149 | Slime:5  | Lost mutation: You tend to lose your temper in combat. [potion of mutation]
 55149 | Slime:5  | Gained mutation: You are dopey. (Int -2) [potion of mutation]
 55149 | Slime:5  | Gained mutation: You are partially covered in iridescent scales. (AC +2) [potion of mutation]
 55150 | Slime:5  | Lost mutation: You are dopey. (Int -2) [potion of mutation]
 55150 | Slime:5  | Lost mutation: Scrolls take you a little longer to read. [potion of mutation]
 55150 | Slime:5  | Lost mutation: Armour fits poorly on your strangely shaped body. [potion of mutation]
 55150 | Slime:5  | Lost mutation: You expend magic power (3 MP) to strengthen your wands. [potion of mutation]
 55150 | Slime:5  | Gained mutation: You are dopey. (Int -2) [potion of mutation]
 55150 | Slime:5  | Gained mutation: Your muscles are strong. (Str +2) [potion of mutation]
 55150 | Slime:5  | Gained mutation: You have large cloven feet. [potion of mutation]
 55150 | Slime:5  | Gained mutation: You are partially covered in slimy green scales. (AC +2) [potion of mutation]
 55188 | Slime:5  | Identified the +9 morningstar "Xingiafu" {crush, rF+++ MR+ Int+4} (You found it on level 5 of the Pits of Slime)
 56059 | Depths:1 | Bought a Necronomicon for 2318 gold pieces
 56061 | Depths:1 | Learned a level 1 spell: Shock
 56071 | Depths:1 | Learned a level 8 spell: Necromutation
 56098 | Pan      | Entered Pandemonium
 56702 | Pan      | Reached skill level 18 in Invocations
 56952 | Pan      | Noticed a seraph
 56967 | Pan      | Killed a seraph
 56981 | Pan      | Reached skill level 17 in Dodging
 56981 | Pan      | Reached skill level 17 in Shields
 57057 | Pan      | Reached skill level 17 in Stealth
 57060 | Pan      | Found a glowing golden altar of the Shining One.
 57070 | Pan      | Got a demonic rune of Zot
 57072 | Pan      | Got a smelly chain mail
 57095 | Pan      | Identified the +2 chain mail of Supple Strength {rN+ MR+} (You found it in Pandemonium)
 57097 | Pan      | Identified Ifalokh's Compendium of the Icy Blaze
 57226 | Pan      | Reached skill level 19 in Fighting
 57308 | Depths:1 | Escaped Pandemonium
 57316 | Depths:1 | Learned a level 3 spell: Regeneration
 57319 | Pan      | Entered Pandemonium
 57775 | Pan      | Learned a level 6 spell: Statue Form
 57890 | Pan      | Reached skill level 17 in Short Blades
 57890 | Pan      | Reached skill level 17 in Axes
 57890 | Pan      | Reached skill level 17 in Maces & Flails
 57890 | Pan      | Reached skill level 17 in Polearms
 57890 | Pan      | Reached skill level 17 in Staves
 57890 | Pan      | Reached skill level 17 in Slings
 57890 | Pan      | Reached skill level 17 in Crossbows
 57890 | Pan      | Reached skill level 17 in Throwing
 57890 | Pan      | Reached skill level 17 in Armour
 57890 | Pan      | Reached skill level 17 in Unarmed Combat
 57890 | Pan      | Reached skill level 17 in Spellcasting
 57890 | Pan      | Reached skill level 17 in Evocations
 57890 | Pan      | Reached XP level 27. HP: 221/221 MP: 36/44
 58042 | Pan      | Noticed Kaemutho the pandemonium lord
 58059 | Pan      | Killed Kaemutho the pandemonium lord
 58100 | Pan      | Reached skill level 20 in Bows
 58217 | Pan      | Found an exit through the horrors of the Abyss.
 58226 | Pan      | Gained mutation: You are frail. (-10% HP) [a cacodemon]
 58431 | Pan      | Noticed Riuwitis the pandemonium lord
 58448 | Pan      | Killed Riuwitis the pandemonium lord
 58714 | Pan      | Entered the realm of Cerebov.
 58720 | Pan      | Reached skill level 15 in Conjurations
 58720 | Pan      | Reached skill level 15 in Hexes
 58720 | Pan      | Reached skill level 15 in Charms
 58720 | Pan      | Reached skill level 15 in Summonings
 58720 | Pan      | Reached skill level 15 in Necromancy
 58720 | Pan      | Reached skill level 15 in Translocations
 58720 | Pan      | Reached skill level 15 in Transmutations
 58720 | Pan      | Reached skill level 15 in Fire Magic
 58720 | Pan      | Reached skill level 15 in Ice Magic
 58720 | Pan      | Reached skill level 15 in Air Magic
 58720 | Pan      | Reached skill level 15 in Earth Magic
 58720 | Pan      | Reached skill level 15 in Poison Magic
 58724 | Pan      | Noticed Cerebov
 58724 | Pan      | HP: 62/258 [sun demon (14)]
 58731 | Pan      | HP: 64/258 [efreet/fireball (1)]
 59045 | Pan      | Killed Cerebov
 59045 | Pan      | Reached skill level 18 in Long Blades
 59263 | Pan      | Got a faintly glowing tin amulet
 59289 | Pan      | Got a fiery rune of Zot
 59404 | Pan      | Got a clouded diamond amulet
 59406 | Pan      | Got a distressingly furry leather armour
 59636 | Pan      | Identified the amulet of Doubts {Inacc rElec rC+ Str+4} (You found it in Pandemonium)
 59639 | Pan      | Identified the amulet of Ataixt {Reflect rF+ rC+ SH+4} (You took it off a balrug in Pandemonium)
 59899 | Pan      | Reached skill level 19 in Invocations
 59999 | Pan      | Entered the realm of Lom Lobon.
 60014 | Pan      | Noticed Lom Lobon
 60023 | Pan      | Got a magical rune of Zot
 60311 | Pan      | Entered the realm of Gloorx Vloq.
 60334 | Pan      | Upgraded the game from 0.22-a0-253-gf9d0ce5 to 0.22-a0-254-gaf95ca0
 60497 | Pan      | Reached skill level 21 in Bows
 60893 | Pan      | Noticed Gloorx Vloq
 60904 | Pan      | Killed Gloorx Vloq
 60904 | Pan      | Reached skill level 18 in Dodging
 60904 | Pan      | Reached skill level 18 in Stealth
 60904 | Pan      | Reached skill level 18 in Shields
 60923 | Pan      | Got a dark rune of Zot
 61235 | Pan      | Noticed Lom Lobon
 61239 | Pan      | Noticed Vayq the pandemonium lord
 61288 | Pan      | Found an exit through the horrors of the Abyss.
 61313 | Pan      | Entered the realm of Mnoleg.
 61359 | Pan      | Gained mutation: You expend magic power (3 MP) to strengthen your wands. [a shining eye]
 61377 | Pan      | Learned a level 8 spell: Ignition
 61388 | Pan      | Found an exit through the horrors of the Abyss.
 61400 | Pan      | Lost mutation: Your muscles are strong. (Str +2) [a neqoxec]
 61431 | Pan      | Gained mutation: You are very dopey. (Int -4) [a neqoxec]
 61438 | Pan      | Lost mutation: You are frail. (-10% HP) [potion of mutation]
 61438 | Pan      | Lost mutation: Your flesh is heat resistant. (rF+) [potion of mutation]
 61438 | Pan      | Lost mutation: You are partially covered in iridescent scales. (AC +2) [potion of mutation]
 61438 | Pan      | Lost mutation: You expend magic power (3 MP) to strengthen your wands. [potion of mutation]
 61438 | Pan      | Gained mutation: You are agile. (Dex +2) [potion of mutation]
 61438 | Pan      | Lost mutation: You have sharp fingernails. [potion of mutation]
 61438 | Pan      | Gained mutation: Your system is resistant to poisons. (rPois) [potion of mutation]
 61439 | Pan      | Lost mutation: Your system is resistant to poisons. (rPois) [potion of mutation]
 61439 | Pan      | Lost mutation: You have large cloven feet. [potion of mutation]
 61439 | Pan      | Lost mutation: You are agile. (Dex +2) [potion of mutation]
 61439 | Pan      | Gained mutation: Your magical capacity is low. (-10% MP) [potion of mutation]
 61439 | Pan      | Gained mutation: Your natural rate of healing is unusually fast. [potion of mutation]
 61440 | Pan      | Lost mutation: Your magical capacity is low. (-10% MP) [potion of mutation]
 61440 | Pan      | Lost mutation: You are very dopey. (Int -4) [potion of mutation]
 61440 | Pan      | Lost mutation: You are dopey. (Int -2) [potion of mutation]
 61440 | Pan      | Gained mutation: You have a pair of small horns on your head. [potion of mutation]
 61440 | Pan      | Gained mutation: You evolve. [potion of mutation]
 61441 | Pan      | Lost mutation: Your movements are slightly less encumbered by armour. (ER -2) [potion of mutation]
 61441 | Pan      | Lost mutation: You evolve. [potion of mutation]
 61441 | Pan      | Gained mutation: You are frail. (-10% HP) [potion of mutation]
 61441 | Pan      | Gained mutation: Your muscles are strong. (Str +2) [potion of mutation]
 61446 | Pan      | Gained mutation: You expend magic power (3 MP) to strengthen your wands. [a shining eye]
 61471 | Pan      | Reached skill level 18 in Short Blades
 61471 | Pan      | Reached skill level 18 in Axes
 61471 | Pan      | Reached skill level 18 in Maces & Flails
 61471 | Pan      | Reached skill level 18 in Polearms
 61471 | Pan      | Reached skill level 18 in Staves
 61471 | Pan      | Reached skill level 18 in Slings
 61471 | Pan      | Reached skill level 18 in Crossbows
 61471 | Pan      | Reached skill level 18 in Throwing
 61471 | Pan      | Reached skill level 18 in Armour
 61471 | Pan      | Reached skill level 18 in Unarmed Combat
 61471 | Pan      | Reached skill level 18 in Spellcasting
 61471 | Pan      | Reached skill level 18 in Evocations
 61516 | Pan      | Noticed Mnoleg
 61538 | Pan      | Killed Mnoleg
 61631 | Pan      | Got a glowing rune of Zot
 61676 | Pan      | Gained mutation: You are partially covered in icy blue scales. (AC +2) [a shining eye]
 61677 | Pan      | Gained mutation: Armour fits poorly on your strangely shaped body. [a shining eye]
 61679 | Pan      | Reached skill level 20 in Fighting
 61680 | Pan      | Gained mutation: You are very frail. (-20% HP) [a shining eye]
 61746 | Pan      | Gained mutation: Scrolls take you a little longer to read. [a cacodemon]
 61746 | Pan      | Lost mutation: Your muscles are strong. (Str +2) [a cacodemon]
 61748 | Pan      | Gained mutation: Scrolls take you longer to read. [a cacodemon]
 61801 | Pan      | Gained mutation: Potions are less effective at restoring your health. [a cacodemon]
 61809 | Pan      | Gained mutation: You are extremely frail. (-30% HP) [a neqoxec]
 61810 | Pan      | Gained mutation: Potions are poor at restoring your health. [a neqoxec]
 61896 | Pan      | Noticed Asumep the pandemonium lord
 61908 | Pan      | Killed Asumep the pandemonium lord
 62028 | Pan      | HP: 50/202 [smoke demon (2)]
 62029 | Pan      | HP: 20/202 [smoke demon/divine providence (15)]
 62029 | Pan      | HP: 8/202 [Executioner (2)]
 62030 | Pan      | Killed from afar by a smoke demon

Vault maps used:
D:1:      dpeg_arrival_tiny_i, minmay_misc_feat_four_crosses
D:4:      serial_shops, nicolae_shop_competitors_out_of_business, first_ration,
          grunt_decor_cap, kennysheep_diamond, grunt_ministairs_8,
          trog_three_pillars_becter
D:5:      makhleb_grotto_becter, minmay_temple_entry_junction_2, serial_shops,
          shop, kb_lookout_dungeons_type, dk_vineyard_3, lemuel_old_faithful
D:6:      grunt_temple_overflow_growth_and_decay, vehumet_statue,
          xom_butterflies, kennysheep_decorative_pillar
D:7:      gammafunk_temple_overflow_elements, basic_altar,
          minmay_misc_feat_tower
D:8:      uniq_prince_ribbit1
D:9:      grunt_ogre_cave
D:10:     lair_entry_dummy, serial_gnoll_camp, gnoll_camp_mini_house,
          gnoll_camp_mini_doghouse, gnoll_camp_medium_01, gnoll_camp_huts_basic,
          gnoll_camp_mini_house, gnoll_camp_mini_doghouse
D:11:     david_orc_4, uniq_nergalle
D:13:     nicolae_trove_entry_crossroad, kennysheep_crisscross
D:14:     david_vaults_4, uniq_kirke
D:15:     gammafunk_depths_entry_grave, basic_altar
Temple:   regret_index_temple_generic_petals
Lair:2:   minmay_shoals_entry_lonely_mermaid, serial_bayou_pond_b, uniq_sonja
Lair:3:   minmay_snake_entry_guardpost_large, nicolae_volcano_entry_vermiform,
          st_stairs_9, serial_bayou_pond_a
Lair:5:   grunt_forest_large_clearings, lemuel_fruit_tree
Lair:6:   hangedman_lair_in_review, guppyfry_lair_end_dragon, slime_altar_1,
          basic_altar
Shoals:1: nicolae_shoals_wave_tunnel
Shoals:2: nzn_motion_control, serial_shops, shop_statue,
          nicolae_shoals_water_elemental_grotto
Shoals:3: serial_shops, nicolae_shop_waterfront, yaktaur_hedge, uniq_polyphemus,
          uniq_mara
Shoals:4: shoals_end_hangedman, shoals_ilsuiw_ice
Snake:1:  uniq_aizul, uniq_asterion, uniq_nikola
Snake:2:  serial_shops, shop
Snake:3:  lemuel_oklob_altar, uniq_louise
Snake:4:  snake_pit, basic_altar
Slime:1:  nicolae_slime_phagocytosis
Slime:2:  basic_altar, cheibrodos_slime_lost_civilization_4
Slime:4:  uniq_donald
Orc:2:    st_orc_ogre_mass, serial_shops, bzr_entry_safe,
          portal_ice_cave_entry_ice_beasts, nicolae_orc_lava_tube,
          nicolae_orc_lost_temple
Elf:1:    minmay_elf_arrival_summoners, kennysheep_underground_church,
          lemuel_flamethrower_3, roderic_lattice_octagonal_star,
          minmay_shoptagon
Elf:2:    basic_altar
Elf:3:    minmay_elf_hall_not_hex, grunt_megastairs_4, uniq_bai_suzhen,
          uniq_jorgrun
Vaults:1: v_misc_30, hangedman_vaults_stitches, v_misc_31,
          nicolae_vaults_alarming, nicolae_vaults_puzzle_piece,
          hangedman_vaults_nodes, vaults_dpeg_hooks, vaults_room_stairs_pillars,
          st_quartered_hall, grunt_vaults_focal,
          ontoclasm_vaults_claustrophobia, ontoclasm_vaults_pinch
Vaults:2: nicolae_vaults_three_branches, serial_ice_g, v_misc_22,
          hangedman_vaults_stretched_pinwheel, v_misc_33, hangedman_vaults_maws,
          uniq_xtahua
Vaults:3: ontoclasm_vaults_shuriken, nicolae_vaults_diagonal_hallway_8,
          nicolae_vaults_lopsided_apartments, ontoclasm_vaults_gateway,
          minmay_crypt_entry_simple_round, v_misc_27, v_misc_30,
          vaults_mumra_minichess, nicolae_vaults_asterisk, v_alt_pattern_3,
          v_alt_pattern_3, nicolae_vaults_little_squares_6, v_pattern_5,
          hangedman_vaults_unwind, serial_shops, bzr_entry_gold
Vaults:4: nicolae_vaults_twisting_passages, nicolae_vaults_ninety_degrees,
          v_misc_28, nicolae_vaults_theta, grunt_vaults_diagonal,
          vaults_room_door_hall, v_misc_8, v_misc_13, v_rooms_4, st_check,
          vaults_standard_mumra_x, nicolae_vaults_little_squares_6,
          vaults_room_door_ring
Depths:1: dk_noncrumbling_4, hell_entry, pan_entry, minmay_crystal_water,
          minmay_misc_feat_five, minmay_misc_feat_columns, minmay_crystal_box,
          serial_bayou_shore_b, minmay_shop_star
Depths:2: minmay_the_grid_square_5x5_5x5, nrook_uturn, abyss_entry,
          pf_hell_entry_tar_river, lemuel_flamethrower_2
Depths:3: kennysheep_gozag_temple, enter_ziggurat_e, rand_demon_pan_entry_5,
          nicolae_abyss_entry_one_way_or_another, hell_entry,
          serial_bayou_pond_c, minmay_staircase_statues
Depths:4: radiant_caverns_b_rkd, hell_entry, pan_entry, abyss_entry, uniq_boris
Abyss:1:  hangedman_decor_lopped
Abyss:2:  patterned_corridor
Abyss:3:  evilmike_nicolae_abyss_rune_containment_curve
Pan:      evilmike_holy_pan, grunt_pan_in_and_out, pan_blood_fountain,
          grunt_pan_sceptre, nicolae_pan_mnolegish_1, reaverb_pan_squares,
          rand_demon_3, pan_blood_fountain, rand_demon_4,
          regret_index_pan_draining_boxed, rand_demon_5, cerebov_grunt,
          pan_blood_fountain, lemuel_hall_of_pain, nicolae_pan_gloorx_vloqian_1,
          lom_lobon, nicolae_pan_sigil_uleosi, evilmike_gloorx_vloq_box,
          nicolae_pan_cerebovesque_3, reaverb_pan_figure_eight,
          evilmike_mini_pan_diamond, uniq_lom_lobon, evilmike_mnoleg_eyes,
          evilmike_mini_pan_branches, rand_demon_9, nicolae_pan_giant_door,
          rand_demon_3
Bazaar:   bazaar_lake, bazaar_short_row

Skill      XL: |  1  2  3  4  5  6  7  8  9 10 11 12 13 14 15 16 17 18 19 20 21 22 23 24 25 26 27 |
---------------+----------------------------------------------------------------------------------+-----
Fighting       | 11 12 13 14 15 16 17 18 19 20 | 20.0
Invocations    | 1 2 3 4 5 6 7 8 9 10 11 12 13 14 15 16 17 18 19 | 19.5
Short Blades   | 1 2 3 4 5 6 7 8 9 10 11 12 13 14 15 16 17 18 | 18.1
Axes           | 1 2 3 4 5 6 7 8 9 10 11 12 13 14 15 16 17 18 | 18.1
Maces & Flails | 1 2 3 4 5 6 7 8 9 10 11 12 13 14 15 16 17 18 | 18.1
Polearms       | 1 2 3 4 5 6 7 8 9 10 11 12 13 14 15 16 17 18 | 18.1
Staves         | 1 2 3 4 5 6 7 8 9 10 11 12 13 14 15 16 17 18 | 18.1
Slings         | 1 2 3 4 5 6 7 8 9 10 11 12 13 14 15 16 17 18 | 18.1
Bows           | 1 2 3 4 5 6 7 8 9 10 11 12 13 14 15 16 17 18 19 21 | 21.5
Crossbows      | 1 2 3 4 5 6 7 8 9 10 11 12 13 14 15 16 17 18 | 18.1
Throwing       | 1 2 3 4 5 6 7 8 9 10 11 12 13 14 15 16 17 18 | 18.1
Armour         | 1 2 3 4 5 6 7 8 9 10 11 12 13 14 15 16 17 18 | 18.1
Unarmed Combat | 1 2 3 4 5 6 7 8 9 10 11 12 13 14 15 16 17 18 | 18.1
Spellcasting   | 1 2 3 4 5 6 7 8 9 10 11 12 13 14 15 16 17 18 | 18.1
Evocations     | 1 2 3 4 5 6 7 8 9 10 11 12 13 14 15 16 17 18 | 18.1
Conjurations   | 1 2 3 4 5 6 7 8 9 10 11 12 13 14 15 | 15.6
Hexes          | 1 2 3 4 5 6 7 8 9 10 11 12 13 14 15 | 15.6
Charms         | 1 2 3 4 5 6 7 8 9 10 11 12 13 14 15 | 15.6
Summonings     | 1 2 3 4 5 6 7 8 9 10 11 12 13 14 15 | 15.6
Necromancy     | 1 2 3 4 5 6 7 8 9 10 11 12 13 14 15 | 15.6
Translocations | 1 2 3 4 5 6 7 8 9 10 11 12 13 14 15 | 15.6
Transmutations | 1 2 3 4 5 6 7 8 9 10 11 12 13 14 15 | 15.6
Fire Magic     | 1 2 3 4 5 6 7 8 9 10 11 12 13 14 15 | 15.6
Ice Magic      | 1 2 3 4 5 6 7 8 9 10 11 12 13 14 15 | 15.6
Air Magic      | 1 2 3 4 5 6 7 8 9 10 11 12 13 14 15 | 15.6
Earth Magic    | 1 2 3 4 5 6 7 8 9 10 11 12 13 14 15 | 15.6
Poison Magic   | 1 2 3 4 5 6 7 8 9 10 11 12 13 14 15 | 15.6
Dodging        | 3 4 5 6 7 8 9 10 11 12 13 14 15 16 17 18 | 18.3
Shields        | 3 4 5 6 7 8 9 10 11 12 13 14 15 16 17 18 | 18.3
Stealth        | 3 4 5 6 7 8 9 10 11 12 13 14 15 16 17 18 | 18.3
Long Blades    | 5 6 7 8 9 10 11 12 13 14 15 16 17 18 | 18.5

Action                   |  1- 3 |  4- 6 |  7- 9 | 10-12 | 13-15 | 16-18 | 19-21 | 22-24 | 25-27 || total
-------------------------+-------+-------+-------+-------+-------+-------+-------+-------+-------++-------
Melee: Falchion          |    61 |   114 |    56 |   405 |   242 |   105 |   186 |   169 |       ||  1338
       Bite              |     6 |    17 |    50 |   136 |   222 |   189 |   249 |   264 |   541 ||  1674
       Punch             |     1 |       |       |       |       |       |       |       |       ||     1
       Staff             |       |       |    19 |       |       |       |       |       |       ||    19
       Trident           |       |       |   236 |   240 |   649 |  1042 |  1043 |   857 |   372 ||  4439
       Battleaxe         |       |       |       |       |    20 |     9 |       |       |       ||    29
       Long sword        |       |       |       |       |       |       |       |    25 |       ||    25
       Morningstar       |       |       |       |       |       |       |       |   145 |  1125 ||  1270
       Kick              |       |       |       |       |       |       |       |       |   109 ||   109
       Sacred scourge    |       |       |       |       |       |       |       |       |   825 ||   825
       Unarmed           |       |       |       |       |       |       |       |       |     2 ||     2
       Headbutt          |       |       |       |       |       |       |       |       |    49 ||    49
 Fire: Blowgun           |       |       |       |     2 |       |       |       |       |       ||     2
       Shortbow          |       |       |       |       |       |    22 |       |       |       ||    22
       Hand crossbow     |       |       |       |       |       |       |    61 |       |       ||    61
Throw: Javelin           |       |       |       |       |       |       |    19 |    12 |    42 ||    73
 Cast: Borgnjor's Vile C |       |       |       |       |    17 |    63 |    54 |    14 |     4 ||   152
       Death Channel     |       |       |       |       |     2 |    32 |    41 |    29 |       ||   104
       Blink             |       |       |       |       |     2 |     2 |     1 |     1 |       ||     6
       Fireball          |       |       |       |       |       |    80 |       |       |       ||    80
       Animate Dead      |       |       |       |       |       |    12 |       |       |       ||    12
       Aura of Abjuratio |       |       |       |       |       |     6 |    16 |     9 |    18 ||    49
       Summon Lightning  |       |       |       |       |       |     3 |     5 |       |       ||     8
       Silence           |       |       |       |       |       |     1 |     6 |     1 |       ||     8
       Deflect Missiles  |       |       |       |       |       |     1 |     4 |     4 |     3 ||    12
       Freezing Cloud    |       |       |       |       |       |       |    17 |     7 |     3 ||    27
       Apportation       |       |       |       |       |       |       |     1 |       |     2 ||     3
       Shroud of Golubri |       |       |       |       |       |       |     3 |     2 |       ||     5
       Summon Butterflie |       |       |       |       |       |       |       |     1 |       ||     1
       Passage of Golubr |       |       |       |       |       |       |       |       |     1 ||     1
       Necromutation     |       |       |       |       |       |       |       |       |     3 ||     3
       Statue Form       |       |       |       |       |       |       |       |       |    16 ||    16
       Ignition          |       |       |       |       |       |       |       |       |    15 ||    15
       Regeneration      |       |       |       |       |       |       |       |       |    11 ||    11
Invok: Bend Time         |       |       |     1 |     3 |     1 |       |       |       |       ||     5
       Slouch            |       |       |       |       |    10 |    10 |     2 |     8 |    15 ||    45
       Temporal Distorti |       |       |       |       |       |     2 |       |       |    12 ||    14
       Step From Time    |       |       |       |       |       |     1 |       |       |     1 ||     2
 Abil: Evoke Invisibilit |       |       |       |       |       |       |     2 |     1 |       ||     3
Evoke: Wand              |       |    19 |    13 |    26 |    17 |    34 |     7 |       |     9 ||   125
       Sack of spiders   |       |       |       |       |     3 |       |       |       |     5 ||     8
       Phial of floods   |       |       |       |       |       |       |     1 |       |     2 ||     3
       Box of beasts     |       |       |       |       |       |       |       |     1 |     8 ||     9
       Lamp of fire      |       |       |       |       |       |       |       |     1 |     2 ||     3
       Phantom mirror    |       |       |       |       |       |       |       |       |     1 ||     1
  Use: Scroll            |       |       |     9 |     9 |    10 |    27 |    17 |    17 |    27 ||   116
       Potion            |       |       |       |     3 |     2 |    15 |     3 |    11 |    16 ||    50
 Stab: Sleeping          |     3 |     3 |     2 |     9 |     9 |     5 |     3 |       |       ||    34
       Paralysed         |       |       |       |     2 |     4 |       |       |       |       ||     6
       Distracted        |       |       |       |       |    11 |    22 |    26 |    44 |    11 ||   114
       Petrifying        |       |       |       |       |       |     2 |       |       |     1 ||     3
       Petrified         |       |       |       |       |       |     1 |       |       |       ||     1
       Invisible         |       |       |       |       |       |       |     9 |     2 |       ||    11
       Confused          |       |       |       |       |       |       |       |       |     2 ||     2
  Eat: Chunk             |       |     3 |     2 |     5 |     5 |     8 |    12 |     1 |       ||    36
       Ration            |       |     1 |     2 |     2 |     4 |     8 |     6 |     6 |    10 ||    39
Armor: Robe              |    16 |    13 |     4 |       |       |       |       |       |       ||    33
       Scale mail        |       |       |    36 |    29 |   115 |       |       |       |       ||   180
       Chain mail        |       |       |    44 |   126 |    13 |       |       |       |       ||   183
       Skin              |       |       |       |    52 |       |       |       |       |   114 ||   166
       Plate armour      |       |       |       |       |    24 |   351 |   169 |       |       ||   544
       Crystal plate arm |       |       |       |       |       |       |    58 |   304 |   643 ||  1005
Dodge: Dodged            |    40 |    54 |   109 |   331 |   573 |   579 |   390 |   602 |  1755 ||  4433
       Deflected         |       |       |       |       |       |     6 |    47 |    82 |    64 ||   199
Block: Buckler           |       |    41 |   136 |   489 |   639 |   704 |   621 |   590 |   655 ||  3875
       Reflection        |       |     1 |     9 |    23 |    22 |   115 |    69 |    71 |    25 ||   335
       Other             |       |       |       |       |     7 |     5 |       |       |       ||    12
       Shield            |       |       |       |       |       |       |       |       |  1012 ||  1012
       Rpst.: Falchion   |    13 |    14 |     2 |    53 |    44 |     8 |    25 |    21 |       ||   180
       Long sword        |       |       |       |       |       |       |       |     2 |       ||     2

Table legend:
 A = Spawn XP
 B = Non-spawn XP
 C = Spawn XP percentage of total XP
 D = Spawn monster count
 E = Non-spawn monster count
 F = Spawn count percentage of total count
 G = Total turns spent on level
                    A         B        C        D         E        F      G
               +---------+---------+-------+---------+---------+-------+---------
         Total |  172159 | 1424644 |  10.8 |     255 |    2509 |   9.2 | 62030
               +---------+---------+-------+---------+---------+-------+---------
           D:1 |       0 |      50 |   0.0 |       0 |      24 |   0.0 |   809
           D:2 |       0 |     104 |   0.0 |       0 |      24 |   0.0 |   751
           D:3 |       0 |      44 |   0.0 |       0 |      14 |   0.0 |   537
           D:4 |       0 |     710 |   0.0 |       0 |      18 |   0.0 |   961
           D:5 |       0 |     816 |   0.0 |       0 |      21 |   0.0 |  1144
           D:6 |       0 |    1733 |   0.0 |       0 |      38 |   0.0 |   970
           D:7 |       0 |     550 |   0.0 |       0 |      16 |   0.0 |   675
           D:8 |       0 |    3133 |   0.0 |       0 |      27 |   0.0 |   766
           D:9 |       0 |    2771 |   0.0 |       0 |      27 |   0.0 |   659
          D:10 |       0 |    4217 |   0.0 |       0 |      79 |   0.0 |  1427
          D:11 |       0 |    4058 |   0.0 |       0 |      28 |   0.0 |  1169
          D:12 |       0 |    5757 |   0.0 |       0 |      42 |   0.0 |  1030
          D:13 |       0 |   10675 |   0.0 |       0 |      39 |   0.0 |   852
          D:14 |       0 |    9538 |   0.0 |       0 |      27 |   0.0 |  1400
          D:15 |       0 |    6807 |   0.0 |       0 |      16 |   0.0 |  1148
        Lair:1 |       0 |    4507 |   0.0 |       0 |      16 |   0.0 |  1495
        Lair:2 |       0 |    5309 |   0.0 |       0 |      22 |   0.0 |  1241
        Lair:3 |       0 |    8008 |   0.0 |       0 |      37 |   0.0 |  1439
        Lair:4 |       0 |   12055 |   0.0 |       0 |      40 |   0.0 |   920
        Lair:5 |       0 |   12065 |   0.0 |       0 |      56 |   0.0 |  1109
        Lair:6 |       0 |   29070 |   0.0 |       0 |      84 |   0.0 |  2336
      Shoals:1 |       0 |   16634 |   0.0 |       0 |      47 |   0.0 |  1018
      Shoals:2 |       0 |   18254 |   0.0 |       0 |      50 |   0.0 |  1244
      Shoals:3 |       0 |   12223 |   0.0 |       0 |      28 |   0.0 |   308
      Shoals:4 |       0 |   27972 |   0.0 |       0 |      52 |   0.0 |   931
       Snake:1 |       0 |   19013 |   0.0 |       0 |      33 |   0.0 |  1345
       Snake:2 |       0 |    6780 |   0.0 |       0 |      15 |   0.0 |   609
       Snake:3 |       0 |   24720 |   0.0 |       0 |      38 |   0.0 |  2405
       Snake:4 |       0 |   35448 |   0.0 |       0 |      67 |   0.0 |   735
       Slime:1 |       0 |    5688 |   0.0 |       0 |      12 |   0.0 |   390
       Slime:2 |       0 |   11117 |   0.0 |       0 |      15 |   0.0 |   115
       Slime:3 |       0 |    8614 |   0.0 |       0 |      18 |   0.0 |   122
       Slime:4 |       0 |    3632 |   0.0 |       0 |       7 |   0.0 |    70
       Slime:5 |       0 |   47955 |   0.0 |       0 |      53 |   0.0 |   924
         Orc:1 |       0 |    2784 |   0.0 |       0 |       9 |   0.0 |   353
         Orc:2 |       0 |   16565 |   0.0 |       0 |      61 |   0.0 |   870
         Elf:1 |       0 |   24954 |   0.0 |       0 |      46 |   0.0 |  1232
         Elf:2 |       0 |   46882 |   0.0 |       0 |      61 |   0.0 |  1064
         Elf:3 |    1219 |   48155 |   2.5 |       1 |      38 |   2.6 |  2196
      Vaults:1 |       0 |   43681 |   0.0 |       0 |     106 |   0.0 |  1318
      Vaults:2 |       0 |   24391 |   0.0 |       0 |      33 |   0.0 |  1258
      Vaults:3 |       0 |   65074 |   0.0 |       0 |      88 |   0.0 |  1700
      Vaults:4 |       0 |   73068 |   0.0 |       0 |     112 |   0.0 |  2253
      Vaults:5 |       0 |  133611 |   0.0 |       0 |     150 |   0.0 |  1523
      Depths:1 |       0 |   25958 |   0.0 |       0 |      33 |   0.0 |  1531
      Depths:2 |       0 |   78454 |   0.0 |       0 |      89 |   0.0 |  1529
      Depths:3 |       0 |   33291 |   0.0 |       0 |      44 |   0.0 |  1128
      Depths:4 |       0 |   63577 |   0.0 |       0 |      97 |   0.0 |  1298
       Abyss:1 |     222 |     917 |  19.5 |       1 |       2 |  33.3 |    21
       Abyss:2 |   26677 |   10268 |  72.2 |      42 |      27 |  60.9 |  1412
       Abyss:3 |   65691 |   27964 |  70.1 |     112 |      77 |  59.3 |  1747
           Pan |   78350 |  345023 |  18.5 |      99 |     306 |  24.4 |  5921
               +---------+---------+-------+---------+---------+-------+---------

Vault maps used:
D:1:      dpeg_arrival_tiny_i, minmay_misc_feat_four_crosses
D:4:      serial_shops, nicolae_shop_competitors_out_of_business, first_ration,
          grunt_decor_cap, kennysheep_diamond, grunt_ministairs_8,
          trog_three_pillars_becter
D:5:      makhleb_grotto_becter, minmay_temple_entry_junction_2, serial_shops,
          shop, kb_lookout_dungeons_type, dk_vineyard_3, lemuel_old_faithful
D:6:      grunt_temple_overflow_growth_and_decay, vehumet_statue,
          xom_butterflies, kennysheep_decorative_pillar
D:7:      gammafunk_temple_overflow_elements, basic_altar,
          minmay_misc_feat_tower
D:8:      uniq_prince_ribbit1
D:9:      grunt_ogre_cave
D:10:     lair_entry_dummy, serial_gnoll_camp, gnoll_camp_mini_house,
          gnoll_camp_mini_doghouse, gnoll_camp_medium_01, gnoll_camp_huts_basic,
          gnoll_camp_mini_house, gnoll_camp_mini_doghouse
D:11:     david_orc_4, uniq_nergalle
D:13:     nicolae_trove_entry_crossroad, kennysheep_crisscross
D:14:     david_vaults_4, uniq_kirke
D:15:     gammafunk_depths_entry_grave, basic_altar
Temple:   regret_index_temple_generic_petals
Lair:2:   minmay_shoals_entry_lonely_mermaid, serial_bayou_pond_b, uniq_sonja
Lair:3:   minmay_snake_entry_guardpost_large, nicolae_volcano_entry_vermiform,
          st_stairs_9, serial_bayou_pond_a
Lair:5:   grunt_forest_large_clearings, lemuel_fruit_tree
Lair:6:   hangedman_lair_in_review, guppyfry_lair_end_dragon, slime_altar_1,
          basic_altar
Shoals:1: nicolae_shoals_wave_tunnel
Shoals:2: nzn_motion_control, serial_shops, shop_statue,
          nicolae_shoals_water_elemental_grotto
Shoals:3: serial_shops, nicolae_shop_waterfront, yaktaur_hedge, uniq_polyphemus,
          uniq_mara
Shoals:4: shoals_end_hangedman, shoals_ilsuiw_ice
Snake:1:  uniq_aizul, uniq_asterion, uniq_nikola
Snake:2:  serial_shops, shop
Snake:3:  lemuel_oklob_altar, uniq_louise
Snake:4:  snake_pit, basic_altar
Slime:1:  nicolae_slime_phagocytosis
Slime:2:  basic_altar, cheibrodos_slime_lost_civilization_4
Slime:4:  uniq_donald
Orc:2:    st_orc_ogre_mass, serial_shops, bzr_entry_safe,
          portal_ice_cave_entry_ice_beasts, nicolae_orc_lava_tube,
          nicolae_orc_lost_temple
Elf:1:    minmay_elf_arrival_summoners, kennysheep_underground_church,
          lemuel_flamethrower_3, roderic_lattice_octagonal_star,
          minmay_shoptagon
Elf:2:    basic_altar
Elf:3:    minmay_elf_hall_not_hex, grunt_megastairs_4, uniq_bai_suzhen,
          uniq_jorgrun
Vaults:1: v_misc_30, hangedman_vaults_stitches, v_misc_31,
          nicolae_vaults_alarming, nicolae_vaults_puzzle_piece,
          hangedman_vaults_nodes, vaults_dpeg_hooks, vaults_room_stairs_pillars,
          st_quartered_hall, grunt_vaults_focal,
          ontoclasm_vaults_claustrophobia, ontoclasm_vaults_pinch
Vaults:2: nicolae_vaults_three_branches, serial_ice_g, v_misc_22,
          hangedman_vaults_stretched_pinwheel, v_misc_33, hangedman_vaults_maws,
          uniq_xtahua
Vaults:3: ontoclasm_vaults_shuriken, nicolae_vaults_diagonal_hallway_8,
          nicolae_vaults_lopsided_apartments, ontoclasm_vaults_gateway,
          minmay_crypt_entry_simple_round, v_misc_27, v_misc_30,
          vaults_mumra_minichess, nicolae_vaults_asterisk, v_alt_pattern_3,
          v_alt_pattern_3, nicolae_vaults_little_squares_6, v_pattern_5,
          hangedman_vaults_unwind, serial_shops, bzr_entry_gold
Vaults:4: nicolae_vaults_twisting_passages, nicolae_vaults_ninety_degrees,
          v_misc_28, nicolae_vaults_theta, grunt_vaults_diagonal,
          vaults_room_door_hall, v_misc_8, v_misc_13, v_rooms_4, st_check,
          vaults_standard_mumra_x, nicolae_vaults_little_squares_6,
          vaults_room_door_ring
Depths:1: dk_noncrumbling_4, hell_entry, pan_entry, minmay_crystal_water,
          minmay_misc_feat_five, minmay_misc_feat_columns, minmay_crystal_box,
          serial_bayou_shore_b, minmay_shop_star
Depths:2: minmay_the_grid_square_5x5_5x5, nrook_uturn, abyss_entry,
          pf_hell_entry_tar_river, lemuel_flamethrower_2
Depths:3: kennysheep_gozag_temple, enter_ziggurat_e, rand_demon_pan_entry_5,
          nicolae_abyss_entry_one_way_or_another, hell_entry,
          serial_bayou_pond_c, minmay_staircase_statues
Depths:4: radiant_caverns_b_rkd, hell_entry, pan_entry, abyss_entry, uniq_boris
Abyss:1:  hangedman_decor_lopped
Abyss:2:  patterned_corridor
Abyss:3:  evilmike_nicolae_abyss_rune_containment_curve
Pan:      evilmike_holy_pan, grunt_pan_in_and_out, pan_blood_fountain,
          grunt_pan_sceptre, nicolae_pan_mnolegish_1, reaverb_pan_squares,
          rand_demon_3, pan_blood_fountain, rand_demon_4,
          regret_index_pan_draining_boxed, rand_demon_5, cerebov_grunt,
          pan_blood_fountain, lemuel_hall_of_pain, nicolae_pan_gloorx_vloqian_1,
          lom_lobon, nicolae_pan_sigil_uleosi, evilmike_gloorx_vloq_box,
          nicolae_pan_cerebovesque_3, reaverb_pan_figure_eight,
          evilmike_mini_pan_diamond, uniq_lom_lobon, evilmike_mnoleg_eyes,
          evilmike_mini_pan_branches, rand_demon_9, nicolae_pan_giant_door,
          rand_demon_3
Bazaar:   bazaar_lake, bazaar_short_row

Table legend:
 A = Turns spent in this place as a percentage of turns spent in the entire game.
 B = Non-inter-level travel turns spent in this place as a percentage of non-inter-level travel turns spent in the entire game.
 C = Inter-level travel turns spent in this place as a percentage of turns spent in this place.
 D = Turns resting spent in this place as a percentage of non-inter-level travel turns spent in this place.
 E = Turns spent auto-exploring this place as a percentage of non-inter-level travel turns spent in this place.
 F = Non-inter-level travel turns spent in this place divided by the number of levels of this place that you've seen.
                   A       B       C       D       E      F
               +-------+-------+-------+-------+-------+----------------------
         Total | 100.0 | 100.0 |   9.5 |  22.0 |  46.8 | 779.9
       Dungeon |  23.1 |  21.4 |  16.0 |  14.3 |  63.0 | 800.5
        Temple |   0.4 |   0.3 |  29.9 |   0.0 |  95.3 | 192.0
          Lair |  13.8 |  13.5 |  11.4 |  23.8 |  54.6 | 1261.5
        Shoals |   5.6 |   5.8 |   7.0 |  18.1 |  44.9 | 814.0
     Snake Pit |   8.2 |   8.6 |   5.6 |  51.3 |  26.7 | 1202.8
    Slime Pits |   2.6 |   2.7 |   7.9 |  23.5 |  29.9 | 298.6
  Orcish Mines |   2.0 |   1.8 |  16.3 |  12.4 |  59.0 | 512.0
   Elven Halls |   7.2 |   7.2 |  10.0 |  20.2 |  46.4 | 1347.3
        Vaults |  13.0 |  13.1 |   8.5 |  15.0 |  55.8 | 1474.0
        Depths |   8.8 |   8.8 |  10.0 |  13.8 |  53.9 | 1234.5
         Abyss |   5.1 |   5.7 |   0.0 |  18.3 |  37.1 | 795.0
   Pandemonium |   9.5 |  10.5 |   0.0 |  35.1 |  11.4 | 348.3
        Bazaar |   0.6 |   0.6 |   0.0 |   0.0 |  34.5 | 174.0
               +-------+-------+-------+-------+-------+----------------------

Table legend:
 A = Kills in this place as a percentage of kills in entire the game.
 B = Kills by you in this place as a percentage of kills by you in the entire game.
 C = Kills by friends in this place as a percentage of kills by friends in the entire game.
 D = Other kills in this place as a percentage of other kills in the entire game.
 E = Experience gained in this place as a percentage of experience gained in the entire game.
 F = Experience gained in this place divided by the number of levels of this place that you have seen.
                   A       B       C       D       E      F
               +-------+-------+-------+-------+-------+----------------------
         Total | 100.0 | 100.0 | 100.0 | 100.0 | 100.0 | 22177.8
       Dungeon |  15.9 |  17.6 |   0.0 |  11.3 |   3.2 | 3397.5
          Lair |   9.2 |  10.3 |   0.4 |   0.0 |   4.4 | 11835.7
        Shoals |   6.4 |   4.0 |  28.9 |  11.3 |   4.7 | 18770.8
     Snake Pit |   5.5 |   5.9 |   1.2 |   9.4 |   5.4 | 21490.2
    Slime Pits |   3.8 |   4.1 |   1.6 |   0.0 |   4.8 | 15401.2
  Orcish Mines |   2.5 |   2.8 |   0.0 |   0.0 |   1.2 | 9674.5
   Elven Halls |   5.3 |   5.2 |   6.0 |   7.5 |   7.6 | 40403.3
        Vaults |  17.7 |  14.5 |  43.8 |  41.5 |  21.3 | 67965.0
        Depths |   9.5 |   8.9 |  14.9 |  13.2 |  12.6 | 50320.0
         Abyss |   9.4 |  10.6 |   0.0 |   1.9 |   8.3 | 32934.8
   Pandemonium |  14.7 |  16.0 |   3.2 |   3.8 |  26.5 | 24904.3
               +-------+-------+-------+-------+-------+----------------------
